[ PARTIDA AOE2 · #477979568 ]
UnrankedEtíopes vs None
Equipo del jugador · DERR
Equipo rival · VICT
[ ANÁLISIS DE REPETICIÓN · EXTRAÍDO DE LA PARTIDA GRABADA ]
Feudal
—
Castillos
—
Imperial
—
| APM promedio | 20.4 |
| APM pico | 68 |
| eAPM promedio | 17.9 |
| Aldeanos / militares | 0 / 0 |
Foco
⚔️ 98.1% · 🌾 1.9%
Unknown (4100) ×1
Feudal
—
Castillos
—
Imperial
—
| APM promedio | 14.0 |
| APM pico | 54 |
| eAPM promedio | 11.9 |
| Aldeanos / militares | 0 / 5 |
Foco
⚔️ 92.7% · 🌾 7.3%
Skirmisher ×5 · Unknown (4100) ×1
Feudal
—
Castillos
—
Imperial
—
| APM promedio | 19.5 |
| APM pico | 31 |
| eAPM promedio | 7.7 |
| Aldeanos / militares | 0 / 0 |
Foco
⚔️ 90.8% · 🌾 9.2%
Feudal
—
Castillos
—
Imperial
—
| APM promedio | 9.0 |
| APM pico | 62 |
| eAPM promedio | 8.4 |
| Aldeanos / militares | 0 / 632 |
Foco
⚔️ 99.6% · 🌾 0.4%
Samurai ×632
Feudal
—
Castillos
—
Imperial
—
| APM promedio | 30.0 |
| APM pico | 77 |
| eAPM promedio | 19.5 |
| Aldeanos / militares | 0 / 321 |
Foco
⚔️ 97.3% · 🌾 2.7%
Boyar ×321 · Unknown (4100) ×8
Feudal
—
Castillos
—
Imperial
—
| APM promedio | 15.6 |
| APM pico | 66 |
| eAPM promedio | 15.4 |
| Aldeanos / militares | 0 / 0 |
Foco
⚔️ 98.8% · 🌾 1.2%
Feudal
—
Castillos
—
Imperial
—
| APM promedio | 1.2 |
| APM pico | 27 |
| eAPM promedio | 1.1 |
| Aldeanos / militares | 0 / 0 |
Foco
⚔️ 92.9% · 🌾 7.1%
Unknown (4100) ×4
Feudal
—
Castillos
—
Imperial
—
| APM promedio | 4.0 |
| APM pico | 35 |
| eAPM promedio | 3.3 |
| Aldeanos / militares | 0 / 4 |
Foco
⚔️ 92.6% · 🌾 7.4%
Scout Cavalry ×4 · Unknown (4100) ×2
Mapa de la partida
Recursos iniciales + cada clic de construcción. Líneas = muros · curvas = relieve. ◆ oro · ⬟ piedra · ● bayas · ✦ reliquia · ◌ hueco del cierre
Tu base· Abierta — hueco de 13t
Base de DRAX· Abierta — hueco de 13t
Base de sdk· Abierta — hueco de 13t
Base de sp0ton· Abierta — hueco de 13t
Base de Nigerian Farmer· Abierta — hueco de 13t
Base de pattomi· Abierta — hueco de 13t
Base de hu_man.· Abierta — hueco de 13t
Base de Enmore· Abierta — hueco de 13t
Terreno inicial suavizado · ◌ = hueco del cierre detectado · pasá el cursor para detalles
Inputs por minuto
— Wololoo - - DRAX
Build order — Wololoo
Primeras 150 de 565 acciones detectadas
| 0:20 | Construir | Building 4001 |
| 0:23 | Construir | Building 4001 |
| 0:24 | Construir | Building 4001 |
| 0:35 | Construir | Building 4001 |
| 0:36 | Construir | Building 4001 |
| 0:36 | Construir | Building 4001 |
| 0:37 | Construir | Building 4001 |
| 0:38 | Construir | Building 4001 |
| 0:39 | Construir | Building 4001 |
| 0:40 | Construir | Building 4001 |
| 0:40 | Construir | Building 4001 |
| 0:41 | Construir | Building 4001 |
| 0:42 | Construir | Building 4001 |
| 0:43 | Construir | Building 4001 |
| 0:44 | Construir | Building 4001 |
| 0:44 | Construir | Building 4001 |
| 0:45 | Construir | Building 4001 |
| 0:46 | Construir | Building 4001 |
| 0:47 | Construir | Building 4001 |
| 0:47 | Construir | Building 4001 |
| 0:48 | Construir | Building 4001 |
| 0:50 | Construir | Building 4001 |
| 0:51 | Construir | Building 4001 |
| 0:51 | Construir | Building 4001 |
| 0:52 | Construir | Building 4001 |
| 0:53 | Construir | Building 4001 |
| 0:54 | Construir | Building 4001 |
| 0:54 | Construir | Building 4001 |
| 0:55 | Construir | Building 4001 |
| 0:56 | Construir | Building 4001 |
| 0:57 | Construir | Building 4001 |
| 0:58 | Construir | Building 4001 |
| 0:58 | Construir | Building 4001 |
| 0:59 | Construir | Building 4001 |
| 1:00 | Construir | Building 4001 |
| 1:01 | Construir | Building 4001 |
| 1:02 | Construir | Building 4001 |
| 1:02 | Construir | Building 4001 |
| 1:04 | Construir | Building 4001 |
| 1:06 | Construir | Building 4001 |
| 1:07 | Construir | Building 4001 |
| 1:08 | Construir | Building 4001 |
| 1:11 | Construir | Building 4001 |
| 1:11 | Construir | Building 4001 |
| 1:12 | Construir | Building 4001 |
| 1:13 | Construir | Building 4001 |
| 1:13 | Construir | Building 4001 |
| 1:14 | Construir | Building 4001 |
| 1:15 | Construir | Building 4001 |
| 1:16 | Construir | Building 4001 |
| 1:22 | Construir | Building 4001 |
| 1:23 | Construir | Building 4001 |
| 1:24 | Construir | Building 4001 |
| 1:25 | Construir | Building 4001 |
| 1:25 | Construir | Building 4001 |
| 1:26 | Construir | Building 4001 |
| 1:27 | Construir | Building 4001 |
| 1:28 | Construir | Building 4001 |
| 1:28 | Construir | Building 4001 |
| 1:29 | Construir | Building 4001 |
| 1:30 | Construir | Building 4001 |
| 1:31 | Construir | Building 4001 |
| 1:32 | Construir | Building 4001 |
| 1:33 | Construir | Building 4001 |
| 1:34 | Construir | Building 4001 |
| 1:34 | Construir | Building 4001 |
| 1:35 | Construir | Building 4001 |
| 1:36 | Construir | Building 4001 |
| 1:37 | Construir | Building 4001 |
| 1:37 | Construir | Building 4001 |
| 1:38 | Construir | Building 4001 |
| 1:39 | Construir | Building 4001 |
| 1:40 | Construir | Building 4001 |
| 1:41 | Construir | Building 4001 |
| 1:41 | Construir | Building 4001 |
| 1:42 | Construir | Building 4001 |
| 1:43 | Construir | Building 4001 |
| 1:45 | Construir | Building 4001 |
| 1:49 | Construir | Building 4001 |
| 1:50 | Construir | Building 4001 |
| 1:51 | Construir | Building 4001 |
| 1:52 | Construir | Building 4001 |
| 1:52 | Construir | Building 4001 |
| 1:53 | Construir | Building 4001 |
| 1:54 | Construir | Building 4001 |
| 1:55 | Construir | Building 4001 |
| 1:56 | Construir | Building 4001 |
| 1:56 | Construir | Building 4001 |
| 1:57 | Construir | Building 4001 |
| 1:58 | Construir | Building 4001 |
| 1:58 | Construir | Building 4001 |
| 2:01 | Construir | Building 4001 |
| 2:02 | Construir | Building 4001 |
| 2:23 | Construir | Building 4001 |
| 2:25 | Construir | Building 4001 |
| 2:27 | Construir | Building 4001 |
| 2:35 | Construir | Building 4001 |
| 2:36 | Construir | Building 4001 |
| 2:37 | Construir | Building 4001 |
| 2:38 | Construir | Building 4001 |
| 2:38 | Construir | Building 4001 |
| 2:40 | Construir | Building 4001 |
| 2:40 | Construir | Building 4001 |
| 2:41 | Construir | Building 4001 |
| 2:42 | Construir | Building 4001 |
| 2:43 | Construir | Building 4001 |
| 2:43 | Construir | Building 4001 |
| 2:44 | Construir | Building 4001 |
| 2:45 | Construir | Building 4001 |
| 2:46 | Construir | Building 4001 |
| 2:46 | Construir | Building 4001 |
| 2:47 | Construir | Building 4001 |
| 2:48 | Construir | Building 4001 |
| 2:49 | Construir | Building 4001 |
| 2:49 | Construir | Building 4001 |
| 2:50 | Construir | Building 4001 |
| 2:51 | Construir | Building 4001 |
| 2:51 | Construir | Building 4001 |
| 2:52 | Construir | Building 4001 |
| 2:53 | Construir | Building 4001 |
| 2:54 | Construir | Building 4001 |
| 2:55 | Construir | Building 4001 |
| 2:56 | Construir | Building 4001 |
| 2:57 | Construir | Building 4001 |
| 2:58 | Construir | Building 4001 |
| 3:04 | Construir | Building 4001 |
| 3:05 | Construir | Building 4001 |
| 3:06 | Construir | Building 4001 |
| 3:07 | Construir | Building 4001 |
| 3:08 | Construir | Building 4001 |
| 3:08 | Construir | Building 4001 |
| 3:09 | Construir | Building 4001 |
| 3:10 | Construir | Building 4001 |
| 3:11 | Construir | Building 4001 |
| 3:11 | Construir | Building 4001 |
| 3:12 | Construir | Building 4001 |
| 3:13 | Construir | Building 4001 |
| 3:14 | Construir | Building 4001 |
| 3:14 | Construir | Building 4001 |
| 3:15 | Construir | Building 4001 |
| 3:16 | Construir | Building 4001 |
| 3:17 | Construir | Building 4001 |
| 3:18 | Construir | Building 4001 |
| 3:19 | Construir | Building 4001 |
| 3:21 | Construir | Building 4001 |
| 3:23 | Construir | Building 4001 |
| 3:47 | Construir | Building 4001 |
| 3:48 | Construir | Building 4001 |
| 3:48 | Construir | Building 4001 |
| 3:49 | Construir | Building 4001 |
Build order — DRAX
Primeras 150 de 323 acciones detectadas
| 0:22 | Construir | Building 4001 |
| 0:38 | Construir | Building 4001 |
| 0:56 | Construir | Building 4001 |
| 1:07 | Construir | Building 4001 |
| 1:09 | Construir | Building 4001 |
| 1:10 | Construir | Building 4001 |
| 1:10 | Construir | Building 4001 |
| 1:11 | Construir | Building 4001 |
| 1:12 | Construir | Building 4001 |
| 1:20 | Construir | Building 4001 |
| 1:21 | Construir | Building 4001 |
| 1:22 | Construir | Building 4001 |
| 1:22 | Construir | Building 4001 |
| 1:23 | Construir | Building 4001 |
| 1:24 | Construir | Building 4001 |
| 1:24 | Construir | Building 4001 |
| 1:26 | Construir | Building 4001 |
| 1:27 | Construir | Building 4001 |
| 1:27 | Construir | Building 4001 |
| 1:28 | Construir | Building 4001 |
| 1:29 | Construir | Building 4001 |
| 1:29 | Construir | Building 4001 |
| 1:30 | Construir | Building 4001 |
| 1:31 | Construir | Building 4001 |
| 1:32 | Construir | Building 4001 |
| 1:33 | Construir | Building 4001 |
| 1:33 | Construir | Building 4001 |
| 1:52 | Construir | Building 4001 |
| 1:53 | Construir | Building 4001 |
| 1:54 | Construir | Building 4001 |
| 1:55 | Construir | Building 4001 |
| 1:56 | Construir | Building 4001 |
| 1:57 | Construir | Building 4001 |
| 1:58 | Construir | Building 4001 |
| 1:58 | Construir | Building 4001 |
| 1:59 | Construir | Building 4001 |
| 2:00 | Construir | Building 4001 |
| 2:02 | Construir | Building 4001 |
| 2:03 | Construir | Building 4001 |
| 2:04 | Construir | Building 4001 |
| 2:11 | Construir | Building 4001 |
| 2:12 | Construir | Building 4001 |
| 2:12 | Construir | Building 4001 |
| 2:13 | Construir | Building 4001 |
| 2:14 | Construir | Building 4001 |
| 2:15 | Construir | Building 4001 |
| 2:16 | Construir | Building 4001 |
| 2:16 | Construir | Building 4001 |
| 2:17 | Construir | Building 4001 |
| 2:18 | Construir | Building 4001 |
| 2:19 | Construir | Building 4001 |
| 2:20 | Construir | Building 4001 |
| 2:20 | Construir | Building 4001 |
| 2:21 | Construir | Building 4001 |
| 2:22 | Construir | Building 4001 |
| 2:23 | Construir | Building 4001 |
| 2:23 | Construir | Building 4001 |
| 2:26 | Construir | Building 4001 |
| 2:26 | Construir | Building 4001 |
| 2:34 | Construir | Building 4001 |
| 2:35 | Construir | Building 4001 |
| 2:35 | Construir | Building 4001 |
| 2:37 | Construir | Building 4001 |
| 2:37 | Construir | Building 4001 |
| 2:38 | Construir | Building 4001 |
| 2:42 | Construir | Building 4001 |
| 2:48 | Construir | Building 4001 |
| 2:54 | Construir | Building 4001 |
| 2:58 | Construir | Building 4001 |
| 3:00 | Construir | Building 4001 |
| 3:06 | Construir | Building 4001 |
| 3:22 | Construir | Building 4001 |
| 3:29 | Construir | Building 4001 |
| 3:32 | Construir | Building 4001 |
| 3:33 | Construir | Building 4001 |
| 3:34 | Construir | Building 4001 |
| 3:35 | Construir | Building 4001 |
| 3:36 | Construir | Building 4001 |
| 3:36 | Construir | Building 4001 |
| 3:38 | Construir | Building 4001 |
| 3:39 | Construir | Building 4001 |
| 3:40 | Construir | Building 4001 |
| 3:41 | Construir | Building 4001 |
| 3:42 | Construir | Building 4001 |
| 3:43 | Construir | Building 4001 |
| 3:43 | Construir | Building 4001 |
| 3:44 | Construir | Building 4001 |
| 3:45 | Construir | Building 4001 |
| 3:46 | Construir | Building 4001 |
| 3:46 | Construir | Building 4001 |
| 3:47 | Construir | Building 4001 |
| 3:48 | Construir | Building 4001 |
| 3:48 | Construir | Building 4001 |
| 3:49 | Construir | Building 4001 |
| 3:50 | Construir | Building 4001 |
| 3:50 | Construir | Building 4001 |
| 3:51 | Construir | Building 4001 |
| 3:51 | Construir | Building 4001 |
| 3:52 | Construir | Building 4001 |
| 3:53 | Construir | Building 4001 |
| 3:54 | Construir | Building 4001 |
| 3:54 | Construir | Building 4001 |
| 3:55 | Construir | Building 4001 |
| 3:57 | Construir | Building 4001 |
| 3:58 | Construir | Building 4001 |
| 3:58 | Construir | Building 4001 |
| 3:59 | Construir | Building 4001 |
| 3:59 | Construir | Building 4001 |
| 4:00 | Construir | Building 4001 |
| 4:01 | Construir | Building 4001 |
| 4:01 | Construir | Building 4001 |
| 4:02 | Construir | Building 4001 |
| 4:03 | Construir | Building 4001 |
| 4:05 | Construir | Building 4001 |
| 4:06 | Construir | Building 4001 |
| 4:07 | Construir | Building 4001 |
| 4:09 | Construir | Building 4001 |
| 4:10 | Construir | Building 4001 |
| 4:14 | Construir | Building 4001 |
| 4:16 | Construir | Building 4001 |
| 4:19 | Construir | Building 4001 |
| 4:21 | Construir | Building 4001 |
| 4:23 | Construir | Building 4001 |
| 4:24 | Construir | Building 4001 |
| 4:24 | Construir | Building 4001 |
| 4:25 | Construir | Building 4001 |
| 4:26 | Construir | Building 4001 |
| 4:27 | Construir | Building 4001 |
| 4:27 | Construir | Building 4001 |
| 4:28 | Construir | Building 4001 |
| 4:29 | Construir | Building 4001 |
| 4:29 | Construir | Building 4001 |
| 4:29 | Construir | Building 4001 |
| 4:30 | Construir | Building 4001 |
| 4:31 | Construir | Building 4001 |
| 4:32 | Construir | Building 4001 |
| 4:32 | Construir | Building 4001 |
| 4:33 | Construir | Building 4001 |
| 4:33 | Construir | Building 4001 |
| 4:34 | Construir | Building 4001 |
| 4:35 | Construir | Building 4001 |
| 4:35 | Construir | Building 4001 |
| 4:36 | Construir | Building 4001 |
| 4:36 | Construir | Building 4001 |
| 4:37 | Construir | Building 4001 |
| 4:37 | Construir | Building 4001 |
| 4:38 | Construir | Building 4001 |
| 4:38 | Construir | Building 4001 |
| 4:39 | Construir | Building 4001 |
| 4:40 | Construir | Building 4001 |
Build order — sdk
0 acciones detectadas en el replay
Build order — sp0ton
Primeras 150 de 270 acciones detectadas
| 0:19 | Construir | Barracks |
| 0:20 | Construir | Barracks |
| 0:26 | Construir | Building 4001 |
| 0:29 | Construir | Building 4001 |
| 0:35 | Construir | Building 4001 |
| 0:38 | Construir | Building 4001 |
| 0:44 | Construir | Building 4001 |
| 0:48 | Construir | Building 4001 |
| 0:50 | Construir | Building 4001 |
| 0:53 | Construir | Building 4001 |
| 1:05 | Construir | Building 4001 |
| 1:08 | Construir | Building 4001 |
| 1:11 | Crear | Samurai ×5 |
| 1:11 | Crear | Samurai ×5 |
| 1:11 | Crear | Samurai ×5 |
| 1:12 | Crear | Samurai ×5 |
| 1:12 | Crear | Samurai ×5 |
| 1:12 | Crear | Samurai ×5 |
| 1:13 | Crear | Samurai ×5 |
| 1:29 | Construir | Building 4001 |
| 2:15 | Construir | Building 4001 |
| 2:20 | Construir | Building 4001 |
| 2:31 | Construir | Building 4001 |
| 2:53 | Construir | Building 4001 |
| 3:06 | Construir | Building 4001 |
| 3:17 | Construir | Building 4001 |
| 3:20 | Construir | Building 4001 |
| 3:23 | Construir | Barracks |
| 3:26 | Construir | Barracks |
| 3:28 | Construir | Barracks |
| 3:30 | Construir | Barracks |
| 3:32 | Construir | Barracks |
| 3:34 | Construir | Barracks |
| 3:35 | Construir | Barracks |
| 3:37 | Construir | Barracks |
| 3:38 | Construir | Barracks |
| 3:40 | Construir | Barracks |
| 3:41 | Construir | Barracks |
| 3:48 | Construir | Barracks |
| 3:51 | Construir | Barracks |
| 3:52 | Construir | Barracks |
| 3:54 | Construir | Barracks |
| 3:55 | Construir | Barracks |
| 4:04 | Construir | Building 4001 |
| 4:05 | Construir | Building 4001 |
| 4:09 | Construir | Building 4001 |
| 4:43 | Construir | Building 4001 |
| 4:47 | Construir | Building 4001 |
| 5:15 | Crear | Samurai ×5 |
| 5:15 | Crear | Samurai ×5 |
| 5:15 | Crear | Samurai ×5 |
| 5:16 | Crear | Samurai ×5 |
| 5:16 | Crear | Samurai ×5 |
| 5:16 | Crear | Samurai ×5 |
| 5:17 | Crear | Samurai ×5 |
| 5:17 | Crear | Samurai ×5 |
| 5:17 | Crear | Samurai ×5 |
| 5:18 | Crear | Samurai ×5 |
| 5:18 | Crear | Samurai ×5 |
| 5:18 | Crear | Samurai ×5 |
| 5:19 | Crear | Samurai ×5 |
| 5:19 | Crear | Samurai ×5 |
| 5:30 | Crear | Samurai ×5 |
| 5:31 | Crear | Samurai ×5 |
| 5:31 | Crear | Samurai ×5 |
| 5:31 | Crear | Samurai ×5 |
| 5:32 | Crear | Samurai ×5 |
| 5:32 | Crear | Samurai ×5 |
| 5:32 | Crear | Samurai ×5 |
| 5:33 | Crear | Samurai ×5 |
| 5:33 | Crear | Samurai ×5 |
| 5:33 | Crear | Samurai ×5 |
| 5:34 | Crear | Samurai ×5 |
| 5:34 | Crear | Samurai ×5 |
| 5:34 | Crear | Samurai ×5 |
| 5:35 | Crear | Samurai ×5 |
| 5:35 | Crear | Samurai ×5 |
| 5:35 | Crear | Samurai ×5 |
| 5:36 | Crear | Samurai ×5 |
| 5:36 | Crear | Samurai ×5 |
| 5:37 | Crear | Samurai ×5 |
| 5:37 | Crear | Samurai ×5 |
| 5:37 | Crear | Samurai ×5 |
| 5:38 | Crear | Samurai ×5 |
| 5:38 | Crear | Samurai ×5 |
| 5:38 | Crear | Samurai ×5 |
| 5:39 | Crear | Samurai ×5 |
| 5:39 | Crear | Samurai ×5 |
| 5:40 | Crear | Samurai ×5 |
| 5:46 | Crear | Samurai ×5 |
| 5:46 | Crear | Samurai ×5 |
| 5:46 | Crear | Samurai ×5 |
| 5:47 | Crear | Samurai ×5 |
| 5:47 | Crear | Samurai ×5 |
| 5:48 | Crear | Samurai ×5 |
| 5:48 | Crear | Samurai ×5 |
| 5:49 | Crear | Samurai ×5 |
| 5:49 | Crear | Samurai ×5 |
| 5:49 | Crear | Samurai ×5 |
| 5:50 | Crear | Samurai ×5 |
| 5:50 | Crear | Samurai ×5 |
| 6:40 | Construir | Building 4001 |
| 6:44 | Construir | Building 4001 |
| 6:54 | Crear | Samurai ×5 |
| 6:54 | Crear | Samurai ×5 |
| 6:55 | Crear | Samurai ×5 |
| 6:55 | Crear | Samurai ×5 |
| 6:55 | Crear | Samurai ×5 |
| 6:56 | Crear | Samurai ×5 |
| 6:56 | Crear | Samurai ×5 |
| 6:56 | Crear | Samurai ×5 |
| 6:57 | Crear | Samurai ×5 |
| 6:57 | Crear | Samurai ×5 |
| 6:58 | Crear | Samurai ×5 |
| 6:58 | Crear | Samurai ×5 |
| 6:58 | Crear | Samurai ×5 |
| 6:59 | Crear | Samurai ×5 |
| 6:59 | Crear | Samurai ×5 |
| 6:59 | Crear | Samurai ×5 |
| 7:00 | Crear | Samurai ×5 |
| 7:00 | Crear | Samurai |
| 7:00 | Crear | Samurai |
| 7:01 | Crear | Samurai |
| 7:02 | Crear | Samurai |
| 7:03 | Crear | Samurai ×2 |
| 7:03 | Crear | Samurai |
| 7:07 | Crear | Samurai ×5 |
| 7:08 | Crear | Samurai |
| 7:08 | Crear | Samurai |
| 7:09 | Crear | Samurai |
| 7:11 | Crear | Samurai |
| 7:11 | Crear | Samurai |
| 7:11 | Crear | Samurai |
| 7:12 | Crear | Samurai ×2 |
| 7:12 | Crear | Samurai |
| 7:13 | Crear | Samurai |
| 7:13 | Crear | Samurai |
| 7:14 | Crear | Samurai |
| 7:14 | Crear | Samurai |
| 7:15 | Crear | Samurai |
| 7:15 | Crear | Samurai ×2 |
| 7:17 | Crear | Samurai |
| 7:18 | Crear | Samurai |
| 7:21 | Crear | Samurai ×5 |
| 7:21 | Crear | Samurai ×5 |
| 7:22 | Crear | Samurai ×3 |
| 7:22 | Crear | Samurai |
| 7:22 | Crear | Samurai |
| 7:25 | Crear | Samurai |
| 7:25 | Crear | Samurai |
Build order — Nigerian Farmer
Primeras 150 de 567 acciones detectadas
| 0:23 | Construir | Building 4001 |
| 0:27 | Construir | Building 4001 |
| 0:28 | Construir | Building 4001 |
| 0:29 | Construir | Building 4001 |
| 0:31 | Construir | Building 4001 |
| 0:38 | Construir | Building 4001 |
| 0:41 | Construir | Building 4001 |
| 0:49 | Construir | Building 4001 |
| 0:52 | Construir | Building 4001 |
| 1:16 | Construir | Building 4001 |
| 1:27 | Construir | Building 4001 |
| 1:28 | Construir | Building 4001 |
| 1:29 | Construir | Building 4001 |
| 1:30 | Construir | Building 4001 |
| 1:31 | Construir | Building 4001 |
| 1:31 | Construir | Building 4001 |
| 1:32 | Construir | Building 4001 |
| 1:33 | Construir | Building 4001 |
| 1:33 | Construir | Building 4001 |
| 1:34 | Construir | Building 4001 |
| 1:34 | Construir | Building 4001 |
| 1:35 | Construir | Building 4001 |
| 1:36 | Construir | Building 4001 |
| 1:37 | Construir | Building 4001 |
| 1:37 | Construir | Building 4001 |
| 1:38 | Construir | Building 4001 |
| 1:38 | Construir | Building 4001 |
| 1:39 | Construir | Building 4001 |
| 1:39 | Construir | Building 4001 |
| 1:40 | Construir | Building 4001 |
| 1:41 | Construir | Building 4001 |
| 1:41 | Construir | Building 4001 |
| 1:42 | Construir | Building 4001 |
| 1:42 | Construir | Building 4001 |
| 1:43 | Construir | Building 4001 |
| 1:43 | Construir | Building 4001 |
| 1:44 | Construir | Building 4001 |
| 1:45 | Construir | Building 4001 |
| 1:45 | Construir | Building 4001 |
| 1:46 | Construir | Building 4001 |
| 1:46 | Construir | Building 4001 |
| 1:47 | Construir | Building 4001 |
| 1:48 | Construir | Building 4001 |
| 1:48 | Construir | Building 4001 |
| 1:49 | Construir | Building 4001 |
| 1:57 | Construir | Building 4001 |
| 2:01 | Construir | Building 4001 |
| 2:33 | Construir | Stable |
| 2:44 | Crear | Unit 4100 |
| 2:44 | Crear | Unit 4100 |
| 2:44 | Crear | Unit 4100 |
| 2:47 | Construir | Stable |
| 2:52 | Construir | Stable |
| 2:56 | Crear | Unit 4100 |
| 2:56 | Crear | Unit 4100 |
| 2:56 | Crear | Unit 4100 |
| 2:59 | Crear | Unit 4100 |
| 3:00 | Crear | Unit 4100 |
| 3:49 | Crear | Boyar ×5 |
| 3:50 | Crear | Boyar ×5 |
| 3:50 | Crear | Boyar ×5 |
| 3:50 | Crear | Boyar ×5 |
| 3:51 | Crear | Boyar ×5 |
| 3:51 | Crear | Boyar ×5 |
| 3:51 | Crear | Boyar ×5 |
| 3:51 | Crear | Boyar ×5 |
| 3:52 | Crear | Boyar ×5 |
| 3:52 | Crear | Boyar ×5 |
| 4:06 | Construir | Building 4001 |
| 4:08 | Construir | Building 4001 |
| 4:09 | Construir | Building 4001 |
| 4:10 | Construir | Building 4001 |
| 4:10 | Construir | Building 4001 |
| 4:11 | Construir | Building 4001 |
| 4:11 | Construir | Building 4001 |
| 4:12 | Construir | Building 4001 |
| 4:12 | Construir | Building 4001 |
| 4:15 | Construir | Building 4001 |
| 4:15 | Construir | Building 4001 |
| 4:16 | Construir | Building 4001 |
| 4:16 | Construir | Building 4001 |
| 4:17 | Construir | Building 4001 |
| 4:17 | Construir | Building 4001 |
| 4:18 | Construir | Building 4001 |
| 4:19 | Construir | Building 4001 |
| 4:20 | Construir | Building 4001 |
| 4:20 | Construir | Building 4001 |
| 4:21 | Construir | Building 4001 |
| 4:22 | Construir | Building 4001 |
| 4:22 | Construir | Building 4001 |
| 4:23 | Construir | Building 4001 |
| 4:23 | Construir | Building 4001 |
| 4:24 | Construir | Building 4001 |
| 4:25 | Construir | Building 4001 |
| 4:25 | Construir | Building 4001 |
| 4:25 | Construir | Building 4001 |
| 4:26 | Construir | Building 4001 |
| 4:27 | Construir | Building 4001 |
| 4:27 | Construir | Building 4001 |
| 4:28 | Construir | Building 4001 |
| 4:28 | Construir | Building 4001 |
| 4:29 | Construir | Building 4001 |
| 4:30 | Construir | Building 4001 |
| 4:30 | Construir | Building 4001 |
| 4:31 | Construir | Building 4001 |
| 4:31 | Construir | Building 4001 |
| 4:32 | Construir | Building 4001 |
| 4:32 | Construir | Building 4001 |
| 4:33 | Construir | Building 4001 |
| 4:34 | Construir | Building 4001 |
| 4:34 | Construir | Building 4001 |
| 4:35 | Construir | Building 4001 |
| 4:35 | Construir | Building 4001 |
| 4:36 | Construir | Building 4001 |
| 4:36 | Construir | Building 4001 |
| 4:37 | Construir | Building 4001 |
| 4:37 | Construir | Building 4001 |
| 4:38 | Construir | Building 4001 |
| 4:39 | Construir | Building 4001 |
| 4:39 | Construir | Building 4001 |
| 4:43 | Construir | Building 4001 |
| 4:46 | Construir | Building 4001 |
| 4:51 | Construir | Building 4001 |
| 4:52 | Construir | Building 4001 |
| 4:52 | Construir | Building 4001 |
| 4:53 | Construir | Building 4001 |
| 4:53 | Construir | Building 4001 |
| 4:54 | Construir | Building 4001 |
| 4:55 | Construir | Building 4001 |
| 4:55 | Construir | Building 4001 |
| 4:56 | Construir | Building 4001 |
| 4:56 | Construir | Building 4001 |
| 4:57 | Construir | Building 4001 |
| 4:57 | Construir | Building 4001 |
| 4:58 | Construir | Building 4001 |
| 4:59 | Construir | Building 4001 |
| 4:59 | Construir | Building 4001 |
| 5:01 | Construir | Building 4001 |
| 5:01 | Construir | Building 4001 |
| 5:01 | Construir | Building 4001 |
| 5:02 | Construir | Building 4001 |
| 5:03 | Construir | Building 4001 |
| 5:03 | Construir | Building 4001 |
| 5:04 | Construir | Building 4001 |
| 5:05 | Construir | Building 4001 |
| 5:05 | Construir | Building 4001 |
| 5:06 | Construir | Building 4001 |
| 5:06 | Construir | Building 4001 |
| 5:07 | Construir | Building 4001 |
| 5:08 | Construir | Building 4001 |
Build order — pattomi
Primeras 150 de 492 acciones detectadas
| 0:25 | Construir | Building 4001 |
| 0:27 | Construir | Building 4001 |
| 0:29 | Construir | Building 4001 |
| 0:31 | Construir | Building 4001 |
| 0:48 | Construir | Building 4001 |
| 0:51 | Construir | Building 4001 |
| 0:55 | Construir | Building 4001 |
| 0:56 | Construir | Building 4001 |
| 0:57 | Construir | Building 4001 |
| 0:57 | Construir | Building 4001 |
| 0:58 | Construir | Building 4001 |
| 0:59 | Construir | Building 4001 |
| 1:00 | Construir | Building 4001 |
| 1:01 | Construir | Building 4001 |
| 1:02 | Construir | Building 4001 |
| 1:03 | Construir | Building 4001 |
| 1:03 | Construir | Building 4001 |
| 1:04 | Construir | Building 4001 |
| 1:05 | Construir | Building 4001 |
| 1:05 | Construir | Building 4001 |
| 1:06 | Construir | Building 4001 |
| 1:07 | Construir | Building 4001 |
| 1:07 | Construir | Building 4001 |
| 1:08 | Construir | Building 4001 |
| 1:11 | Construir | Building 4001 |
| 1:17 | Construir | Building 4001 |
| 1:20 | Construir | Building 4001 |
| 1:21 | Construir | Building 4001 |
| 1:22 | Construir | Building 4001 |
| 1:22 | Construir | Building 4001 |
| 1:23 | Construir | Building 4001 |
| 1:24 | Construir | Building 4001 |
| 1:25 | Construir | Building 4001 |
| 1:26 | Construir | Building 4001 |
| 1:27 | Construir | Building 4001 |
| 1:28 | Construir | Building 4001 |
| 1:28 | Construir | Building 4001 |
| 1:29 | Construir | Building 4001 |
| 1:30 | Construir | Building 4001 |
| 1:31 | Construir | Building 4001 |
| 1:31 | Construir | Building 4001 |
| 1:32 | Construir | Building 4001 |
| 1:33 | Construir | Building 4001 |
| 1:34 | Construir | Building 4001 |
| 1:35 | Construir | Building 4001 |
| 1:37 | Construir | Building 4001 |
| 1:46 | Construir | Building 4001 |
| 1:48 | Construir | Building 4001 |
| 1:54 | Construir | Building 4001 |
| 2:00 | Construir | Building 4001 |
| 2:02 | Construir | Building 4001 |
| 2:31 | Construir | Building 4001 |
| 2:33 | Construir | Building 4001 |
| 2:42 | Construir | Building 4001 |
| 2:46 | Construir | Building 4001 |
| 3:01 | Construir | Building 4001 |
| 3:02 | Construir | Building 4001 |
| 3:05 | Construir | Building 4001 |
| 3:09 | Construir | Building 4001 |
| 3:21 | Construir | Building 4001 |
| 3:26 | Construir | Building 4001 |
| 3:28 | Construir | Building 4001 |
| 3:31 | Construir | Building 4001 |
| 3:36 | Construir | Building 4001 |
| 3:41 | Construir | Building 4001 |
| 3:41 | Construir | Building 4001 |
| 3:42 | Construir | Building 4001 |
| 3:43 | Construir | Building 4001 |
| 3:43 | Construir | Building 4001 |
| 3:44 | Construir | Building 4001 |
| 3:45 | Construir | Building 4001 |
| 3:45 | Construir | Building 4001 |
| 3:46 | Construir | Building 4001 |
| 3:46 | Construir | Building 4001 |
| 3:47 | Construir | Building 4001 |
| 3:47 | Construir | Building 4001 |
| 3:48 | Construir | Building 4001 |
| 3:49 | Construir | Building 4001 |
| 3:49 | Construir | Building 4001 |
| 3:50 | Construir | Building 4001 |
| 3:50 | Construir | Building 4001 |
| 3:51 | Construir | Building 4001 |
| 3:51 | Construir | Building 4001 |
| 3:52 | Construir | Building 4001 |
| 3:52 | Construir | Building 4001 |
| 3:53 | Construir | Building 4001 |
| 3:54 | Construir | Building 4001 |
| 3:57 | Construir | Building 4001 |
| 3:57 | Construir | Building 4001 |
| 3:58 | Construir | Building 4001 |
| 3:59 | Construir | Building 4001 |
| 4:04 | Construir | Building 4001 |
| 4:06 | Construir | Building 4001 |
| 4:11 | Construir | Building 4001 |
| 4:14 | Construir | Building 4001 |
| 4:26 | Construir | Building 4001 |
| 4:28 | Construir | Building 4001 |
| 4:41 | Construir | Building 4001 |
| 4:42 | Construir | Building 4001 |
| 4:49 | Construir | Building 4001 |
| 5:01 | Construir | Building 4001 |
| 5:17 | Construir | Building 4001 |
| 5:19 | Construir | Building 4001 |
| 5:26 | Construir | Building 4001 |
| 5:41 | Construir | Building 4001 |
| 5:49 | Construir | Building 4001 |
| 5:52 | Construir | Building 4001 |
| 5:52 | Construir | Building 4001 |
| 5:53 | Construir | Building 4001 |
| 5:54 | Construir | Building 4001 |
| 5:55 | Construir | Building 4001 |
| 5:55 | Construir | Building 4001 |
| 5:56 | Construir | Building 4001 |
| 5:57 | Construir | Building 4001 |
| 5:57 | Construir | Building 4001 |
| 5:58 | Construir | Building 4001 |
| 5:58 | Construir | Building 4001 |
| 5:59 | Construir | Building 4001 |
| 6:00 | Construir | Building 4001 |
| 6:02 | Construir | Building 4001 |
| 6:03 | Construir | Building 4001 |
| 6:03 | Construir | Building 4001 |
| 6:06 | Construir | Building 4001 |
| 6:12 | Construir | Building 4001 |
| 6:14 | Construir | Building 4001 |
| 6:15 | Construir | Building 4001 |
| 6:17 | Construir | Building 4001 |
| 6:19 | Construir | Building 4001 |
| 6:21 | Construir | Building 4001 |
| 6:35 | Construir | Building 4001 |
| 6:37 | Construir | Building 4001 |
| 6:39 | Construir | Building 4001 |
| 6:49 | Construir | Building 4001 |
| 6:50 | Construir | Building 4001 |
| 6:50 | Construir | Building 4001 |
| 6:51 | Construir | Building 4001 |
| 6:52 | Construir | Building 4001 |
| 6:53 | Construir | Building 4001 |
| 6:54 | Construir | Building 4001 |
| 6:54 | Construir | Building 4001 |
| 6:55 | Construir | Building 4001 |
| 6:55 | Construir | Building 4001 |
| 6:57 | Construir | Building 4001 |
| 6:58 | Construir | Building 4001 |
| 6:59 | Construir | Building 4001 |
| 7:01 | Construir | Building 4001 |
| 7:03 | Construir | Building 4001 |
| 7:04 | Construir | Building 4001 |
| 7:04 | Construir | Building 4001 |
| 7:05 | Construir | Building 4001 |
Build order — hu_man.
13 acciones detectadas en el replay
| 0:21 | Construir | Building 4001 |
| 0:26 | Construir | Building 4001 |
| 0:32 | Construir | Stable |
| 0:36 | Construir | Archery Range |
| 0:38 | Construir | Archery Range |
| 0:44 | Construir | Building 4001 |
| 0:50 | Construir | Building 4001 |
| 0:54 | Construir | Building 4001 |
| 0:58 | Construir | Building 4001 |
| 1:03 | Crear | Unit 4100 |
| 1:03 | Crear | Unit 4100 |
| 1:04 | Crear | Unit 4100 |
| 1:04 | Crear | Unit 4100 |
Build order — Enmore
82 acciones detectadas en el replay
| 0:24 | Construir | Building 4001 |
| 0:30 | Construir | Building 4001 |
| 0:33 | Construir | Stable |
| 0:44 | Construir | Building 4001 |
| 0:49 | Construir | Stable |
| 1:11 | Construir | Building 4001 |
| 1:16 | Crear | Unit 4100 |
| 1:17 | Crear | Unit 4100 |
| 1:18 | Crear | Scout Cavalry |
| 1:18 | Crear | Scout Cavalry |
| 1:18 | Crear | Scout Cavalry |
| 1:18 | Crear | Scout Cavalry |
| 1:40 | Construir | Building 4001 |
| 1:47 | Construir | Building 4001 |
| 1:55 | Construir | Building 4001 |
| 2:00 | Construir | Building 4001 |
| 2:09 | Construir | Building 4001 |
| 2:21 | Construir | Building 4001 |
| 2:24 | Construir | Building 4001 |
| 2:25 | Construir | Building 4001 |
| 2:47 | Construir | Building 4001 |
| 2:49 | Construir | Building 4001 |
| 2:53 | Construir | Building 4001 |
| 2:58 | Construir | Building 4001 |
| 2:59 | Construir | Building 4001 |
| 3:00 | Construir | Building 4001 |
| 3:01 | Construir | Building 4001 |
| 3:02 | Construir | Building 4001 |
| 3:02 | Construir | Building 4001 |
| 3:03 | Construir | Building 4001 |
| 3:04 | Construir | Building 4001 |
| 3:05 | Construir | Building 4001 |
| 3:06 | Construir | Building 4001 |
| 3:06 | Construir | Building 4001 |
| 3:07 | Construir | Building 4001 |
| 3:08 | Construir | Building 4001 |
| 3:09 | Construir | Building 4001 |
| 3:09 | Construir | Building 4001 |
| 3:10 | Construir | Building 4001 |
| 3:11 | Construir | Building 4001 |
| 3:12 | Construir | Building 4001 |
| 3:13 | Construir | Building 4001 |
| 3:13 | Construir | Building 4001 |
| 3:14 | Construir | Building 4001 |
| 3:15 | Construir | Building 4001 |
| 3:17 | Construir | Building 4001 |
| 3:17 | Construir | Building 4001 |
| 3:18 | Construir | Building 4001 |
| 3:19 | Construir | Building 4001 |
| 3:20 | Construir | Building 4001 |
| 3:20 | Construir | Building 4001 |
| 3:21 | Construir | Building 4001 |
| 3:22 | Construir | Building 4001 |
| 3:25 | Construir | Building 4001 |
| 3:28 | Construir | Building 4001 |
| 3:38 | Construir | Building 4001 |
| 3:51 | Construir | Building 4001 |
| 3:55 | Construir | Building 4001 |
| 3:56 | Construir | Building 4001 |
| 3:58 | Construir | Building 4001 |
| 4:00 | Construir | Building 4001 |
| 4:02 | Construir | Building 4001 |
| 4:03 | Construir | Building 4001 |
| 4:04 | Construir | Building 4001 |
| 4:05 | Construir | Building 4001 |
| 4:06 | Construir | Building 4001 |
| 4:06 | Construir | Building 4001 |
| 4:07 | Construir | Building 4001 |
| 4:08 | Construir | Building 4001 |
| 4:09 | Construir | Building 4001 |
| 4:10 | Construir | Building 4001 |
| 4:11 | Construir | Building 4001 |
| 4:12 | Construir | Building 4001 |
| 4:13 | Construir | Building 4001 |
| 4:13 | Construir | Building 4001 |
| 4:14 | Construir | Building 4001 |
| 4:15 | Construir | Building 4001 |
| 4:16 | Construir | Building 4001 |
| 4:17 | Construir | Building 4001 |
| 4:23 | Construir | Building 4001 |
| 4:25 | Construir | Building 4001 |
| 5:00 | Construir | Building 4001 |
Cronología de la partida
| 0:19 | sp0ton · first_building Barracks |
| 0:20 | Wololoo · wall_segment Unknown (4001) x19 |
| 0:21 | hu_man. · wall_segment Unknown (4001) x24 |
| 0:22 | DRAX · wall_segment Unknown (4001) x23 |
| 0:23 | Wololoo · wall_segment Unknown (4001) x7 |
| 0:23 | Nigerian Farmer · wall_segment Unknown (4001) x4 |
| 0:24 | Enmore · wall_segment Unknown (4001) x24 |
| 0:24 | Wololoo · wall_segment Unknown (4001) x3 |
| 0:25 | pattomi · wall_segment Unknown (4001) x4 |
| 0:26 | hu_man. · wall_segment Unknown (4001) x4 |
| 0:26 | sp0ton · wall_segment Unknown (4001) x6 |
| 0:27 | Nigerian Farmer · wall_segment Unknown (4001) x1 |
| 0:27 | pattomi · wall_segment Unknown (4001) x4 |
| 0:28 | Nigerian Farmer · wall_segment Unknown (4001) x1 |
| 0:29 | pattomi · wall_segment Unknown (4001) x1 |
| 0:29 | sp0ton · wall_segment Unknown (4001) x3 |
| 0:29 | Nigerian Farmer · wall_segment Unknown (4001) x7 |
| 0:30 | Enmore · wall_segment Unknown (4001) x1 |
| 0:31 | pattomi · wall_segment Unknown (4001) x5 |
| 0:31 | Nigerian Farmer · wall_segment Unknown (4001) x4 |
| 0:32 | hu_man. · first_building Stable |
| 0:33 | Enmore · first_building Stable |
| 0:35 | Wololoo · wall_segment Unknown (4001) x3 |
| 0:35 | sp0ton · wall_segment Unknown (4001) x4 |
| 0:36 | Wololoo · wall_segment Unknown (4001) x1 |
| 0:36 | hu_man. · first_building Archery Range |
| 0:36 | Wololoo · wall_segment Unknown (4001) x1 |
| 0:37 | Wololoo · wall_segment Unknown (4001) x1 |
| 0:38 | DRAX · wall_segment Unknown (4001) x27 |
| 0:38 | Wololoo · wall_segment Unknown (4001) x2 |
| 0:38 | Nigerian Farmer · wall_segment Unknown (4001) x4 |
| 0:38 | sp0ton · wall_segment Unknown (4001) x7 |
| 0:39 | Wololoo · wall_segment Unknown (4001) x1 |
| 0:40 | Wololoo · wall_segment Unknown (4001) x1 |
| 0:40 | Wololoo · wall_segment Unknown (4001) x2 |
| 0:41 | Nigerian Farmer · wall_segment Unknown (4001) x6 |
| 0:41 | Wololoo · wall_segment Unknown (4001) x1 |
| 0:42 | Wololoo · wall_segment Unknown (4001) x2 |
| 0:43 | Wololoo · wall_segment Unknown (4001) x1 |
| 0:44 | sp0ton · wall_segment Unknown (4001) x4 |
| 0:44 | Enmore · wall_segment Unknown (4001) x17 |
| 0:44 | Wololoo · wall_segment Unknown (4001) x2 |
| 0:44 | hu_man. · wall_segment Unknown (4001) x1 |
| 0:44 | Wololoo · wall_segment Unknown (4001) x1 |
| 0:45 | Wololoo · wall_segment Unknown (4001) x2 |
| 0:46 | Wololoo · wall_segment Unknown (4001) x1 |
| 0:47 | Wololoo · wall_segment Unknown (4001) x2 |
| 0:47 | Wololoo · wall_segment Unknown (4001) x1 |
| 0:48 | sp0ton · wall_segment Unknown (4001) x5 |
| 0:48 | pattomi · wall_segment Unknown (4001) x9 |
| 0:48 | Wololoo · wall_segment Unknown (4001) x2 |
| 0:49 | Nigerian Farmer · wall_segment Unknown (4001) x7 |
| 0:50 | Wololoo · wall_segment Unknown (4001) x1 |
| 0:50 | hu_man. · wall_segment Unknown (4001) x7 |
| 0:50 | sp0ton · wall_segment Unknown (4001) x9 |
| 0:51 | pattomi · wall_segment Unknown (4001) x4 |
| 0:51 | Wololoo · wall_segment Unknown (4001) x2 |
| 0:51 | Wololoo · wall_segment Unknown (4001) x1 |
| 0:52 | Nigerian Farmer · wall_segment Unknown (4001) x16 |
| 0:52 | Wololoo · wall_segment Unknown (4001) x2 |
| 0:53 | sp0ton · wall_segment Unknown (4001) x5 |
| 0:53 | Wololoo · wall_segment Unknown (4001) x1 |
| 0:54 | Wololoo · wall_segment Unknown (4001) x2 |
| 0:54 | hu_man. · wall_segment Unknown (4001) x20 |
| 0:54 | Wololoo · wall_segment Unknown (4001) x1 |
| 0:55 | Wololoo · wall_segment Unknown (4001) x2 |
| 0:55 | pattomi · wall_segment Unknown (4001) x3 |
| 0:56 | pattomi · wall_segment Unknown (4001) x1 |
| 0:56 | Wololoo · wall_segment Unknown (4001) x1 |
| 0:56 | DRAX · wall_segment Unknown (4001) x51 |
| 0:57 | pattomi · wall_segment Unknown (4001) x1 |
| 0:57 | Wololoo · wall_segment Unknown (4001) x3 |
| 0:57 | pattomi · wall_segment Unknown (4001) x1 |
| 0:58 | Wololoo · wall_segment Unknown (4001) x1 |
| 0:58 | pattomi · wall_segment Unknown (4001) x1 |
| 0:58 | hu_man. · wall_segment Unknown (4001) x26 |
| 0:58 | Wololoo · wall_segment Unknown (4001) x3 |
| 0:59 | pattomi · wall_segment Unknown (4001) x1 |
| 0:59 | Wololoo · wall_segment Unknown (4001) x1 |
| 1:00 | pattomi · wall_segment Unknown (4001) x1 |
| 1:00 | Wololoo · wall_segment Unknown (4001) x3 |
| 1:01 | Wololoo · wall_segment Unknown (4001) x1 |
| 1:01 | pattomi · wall_segment Unknown (4001) x1 |
| 1:02 | pattomi · wall_segment Unknown (4001) x1 |
| 1:02 | Wololoo · wall_segment Unknown (4001) x2 |
| 1:02 | Wololoo · wall_segment Unknown (4001) x1 |
| 1:03 | pattomi · wall_segment Unknown (4001) x1 |
| 1:03 | pattomi · wall_segment Unknown (4001) x1 |
| 1:04 | Wololoo · wall_segment Unknown (4001) x3 |
| 1:04 | pattomi · wall_segment Unknown (4001) x1 |
| 1:05 | sp0ton · wall_segment Unknown (4001) x6 |
| 1:05 | pattomi · wall_segment Unknown (4001) x1 |
| 1:05 | pattomi · wall_segment Unknown (4001) x1 |
| 1:06 | pattomi · wall_segment Unknown (4001) x1 |
| 1:06 | Wololoo · wall_segment Unknown (4001) x2 |
| 1:07 | pattomi · wall_segment Unknown (4001) x1 |
| 1:07 | DRAX · wall_segment Unknown (4001) x3 |
| 1:07 | pattomi · wall_segment Unknown (4001) x1 |
| 1:07 | Wololoo · wall_segment Unknown (4001) x4 |
| 1:08 | sp0ton · wall_segment Unknown (4001) x11 |
| 1:08 | pattomi · wall_segment Unknown (4001) x4 |
| 1:08 | Wololoo · wall_segment Unknown (4001) x4 |
| 1:09 | DRAX · wall_segment Unknown (4001) x1 |
| 1:10 | DRAX · wall_segment Unknown (4001) x1 |
| 1:10 | DRAX · wall_segment Unknown (4001) x1 |
| 1:11 | Wololoo · wall_segment Unknown (4001) x2 |
| 1:11 | DRAX · wall_segment Unknown (4001) x1 |
| 1:11 | pattomi · wall_segment Unknown (4001) x14 |
| 1:11 | Enmore · wall_segment Unknown (4001) x25 |
| 1:11 | Wololoo · wall_segment Unknown (4001) x1 |
| 1:12 | DRAX · wall_segment Unknown (4001) x1 |
| 1:12 | Wololoo · wall_segment Unknown (4001) x1 |
| 1:13 | Wololoo · wall_segment Unknown (4001) x1 |
| 1:13 | Wololoo · wall_segment Unknown (4001) x1 |
| 1:14 | Wololoo · wall_segment Unknown (4001) x2 |
| 1:15 | Wololoo · wall_segment Unknown (4001) x1 |
| 1:16 | Wololoo · wall_segment Unknown (4001) x2 |
| 1:16 | Nigerian Farmer · wall_segment Unknown (4001) x7 |
| 1:17 | pattomi · wall_segment Unknown (4001) x3 |
| 1:20 | DRAX · wall_segment Unknown (4001) x1 |
| 1:20 | pattomi · wall_segment Unknown (4001) x1 |
| 1:21 | DRAX · wall_segment Unknown (4001) x1 |
| 1:21 | pattomi · wall_segment Unknown (4001) x1 |
| 1:22 | DRAX · wall_segment Unknown (4001) x1 |
| 1:22 | DRAX · wall_segment Unknown (4001) x1 |
| 1:22 | pattomi · wall_segment Unknown (4001) x1 |
| 1:22 | Wololoo · wall_segment Unknown (4001) x1 |
| 1:22 | pattomi · wall_segment Unknown (4001) x1 |
| 1:23 | DRAX · wall_segment Unknown (4001) x1 |
| 1:23 | pattomi · wall_segment Unknown (4001) x1 |
| 1:23 | Wololoo · wall_segment Unknown (4001) x1 |
| 1:24 | DRAX · wall_segment Unknown (4001) x1 |
| 1:24 | DRAX · wall_segment Unknown (4001) x1 |
| 1:24 | pattomi · wall_segment Unknown (4001) x1 |
| 1:24 | Wololoo · wall_segment Unknown (4001) x2 |
| 1:25 | Wololoo · wall_segment Unknown (4001) x1 |
| 1:25 | pattomi · wall_segment Unknown (4001) x1 |
| 1:25 | Wololoo · wall_segment Unknown (4001) x2 |
| 1:26 | pattomi · wall_segment Unknown (4001) x1 |
| 1:26 | DRAX · wall_segment Unknown (4001) x1 |
| 1:26 | Wololoo · wall_segment Unknown (4001) x1 |
| 1:27 | DRAX · wall_segment Unknown (4001) x1 |
| 1:27 | pattomi · wall_segment Unknown (4001) x1 |
| 1:27 | Wololoo · wall_segment Unknown (4001) x2 |
| 1:27 | Nigerian Farmer · wall_segment Unknown (4001) x5 |
| 1:27 | DRAX · wall_segment Unknown (4001) x1 |
| 1:28 | pattomi · wall_segment Unknown (4001) x1 |
| 1:28 | Wololoo · wall_segment Unknown (4001) x1 |
| 1:28 | DRAX · wall_segment Unknown (4001) x1 |
| 1:28 | Nigerian Farmer · wall_segment Unknown (4001) x1 |
| 1:28 | pattomi · wall_segment Unknown (4001) x1 |
| 1:28 | Wololoo · wall_segment Unknown (4001) x2 |
| 1:29 | DRAX · wall_segment Unknown (4001) x1 |
| 1:29 | sp0ton · wall_segment Unknown (4001) x40 |
| 1:29 | Nigerian Farmer · wall_segment Unknown (4001) x1 |
| 1:29 | pattomi · wall_segment Unknown (4001) x1 |
| 1:29 | DRAX · wall_segment Unknown (4001) x1 |
| 1:29 | Wololoo · wall_segment Unknown (4001) x1 |
| 1:30 | pattomi · wall_segment Unknown (4001) x1 |
| 1:30 | Wololoo · wall_segment Unknown (4001) x2 |
| 1:30 | DRAX · wall_segment Unknown (4001) x1 |
| 1:30 | Nigerian Farmer · wall_segment Unknown (4001) x1 |
| 1:31 | pattomi · wall_segment Unknown (4001) x1 |
| 1:31 | DRAX · wall_segment Unknown (4001) x1 |
| 1:31 | Nigerian Farmer · wall_segment Unknown (4001) x1 |
| 1:31 | Wololoo · wall_segment Unknown (4001) x2 |
| 1:31 | Nigerian Farmer · wall_segment Unknown (4001) x1 |
| 1:31 | pattomi · wall_segment Unknown (4001) x1 |
| 1:32 | DRAX · wall_segment Unknown (4001) x1 |
| 1:32 | Nigerian Farmer · wall_segment Unknown (4001) x1 |
| 1:32 | pattomi · wall_segment Unknown (4001) x1 |
| 1:32 | Wololoo · wall_segment Unknown (4001) x2 |
| 1:33 | DRAX · wall_segment Unknown (4001) x1 |
| 1:33 | Nigerian Farmer · wall_segment Unknown (4001) x1 |
| 1:33 | Wololoo · wall_segment Unknown (4001) x1 |
| 1:33 | Nigerian Farmer · wall_segment Unknown (4001) x1 |
| 1:33 | pattomi · wall_segment Unknown (4001) x1 |
| 1:33 | DRAX · wall_segment Unknown (4001) x1 |
| 1:34 | pattomi · wall_segment Unknown (4001) x1 |
| 1:34 | Wololoo · wall_segment Unknown (4001) x2 |
| 1:34 | Nigerian Farmer · wall_segment Unknown (4001) x1 |
| 1:34 | Nigerian Farmer · wall_segment Unknown (4001) x1 |
| 1:34 | Wololoo · wall_segment Unknown (4001) x1 |
| 1:35 | pattomi · wall_segment Unknown (4001) x7 |
| 1:35 | Wololoo · wall_segment Unknown (4001) x2 |
| 1:35 | Nigerian Farmer · wall_segment Unknown (4001) x1 |
| 1:36 | Nigerian Farmer · wall_segment Unknown (4001) x1 |
| 1:36 | Wololoo · wall_segment Unknown (4001) x1 |
| 1:37 | Nigerian Farmer · wall_segment Unknown (4001) x1 |
| 1:37 | Wololoo · wall_segment Unknown (4001) x2 |
| 1:37 | Nigerian Farmer · wall_segment Unknown (4001) x1 |
| 1:37 | pattomi · wall_segment Unknown (4001) x5 |
| 1:37 | Wololoo · wall_segment Unknown (4001) x1 |
| 1:38 | Nigerian Farmer · wall_segment Unknown (4001) x1 |
| 1:38 | Wololoo · wall_segment Unknown (4001) x2 |
| 1:38 | Nigerian Farmer · wall_segment Unknown (4001) x1 |
| 1:39 | Nigerian Farmer · wall_segment Unknown (4001) x1 |
| 1:39 | Wololoo · wall_segment Unknown (4001) x1 |
| 1:39 | Nigerian Farmer · wall_segment Unknown (4001) x1 |
| 1:40 | Wololoo · wall_segment Unknown (4001) x2 |
| 1:40 | Nigerian Farmer · wall_segment Unknown (4001) x1 |
| 1:40 | Enmore · wall_segment Unknown (4001) x8 |
| 1:41 | Nigerian Farmer · wall_segment Unknown (4001) x1 |
| 1:41 | Wololoo · wall_segment Unknown (4001) x1 |
| 1:41 | Nigerian Farmer · wall_segment Unknown (4001) x1 |
| 1:41 | Wololoo · wall_segment Unknown (4001) x2 |
| 1:42 | Nigerian Farmer · wall_segment Unknown (4001) x1 |
| 1:42 | Wololoo · wall_segment Unknown (4001) x1 |
| 1:42 | Nigerian Farmer · wall_segment Unknown (4001) x1 |
| 1:43 | Nigerian Farmer · wall_segment Unknown (4001) x1 |
| 1:43 | Wololoo · wall_segment Unknown (4001) x3 |
| 1:43 | Nigerian Farmer · wall_segment Unknown (4001) x1 |
| 1:44 | Nigerian Farmer · wall_segment Unknown (4001) x1 |
| 1:45 | Nigerian Farmer · wall_segment Unknown (4001) x1 |
| 1:45 | Nigerian Farmer · wall_segment Unknown (4001) x1 |
| 1:45 | Wololoo · wall_segment Unknown (4001) x1 |
| 1:46 | Nigerian Farmer · wall_segment Unknown (4001) x1 |
| 1:46 | pattomi · wall_segment Unknown (4001) x1 |
| 1:46 | Nigerian Farmer · wall_segment Unknown (4001) x1 |
| 1:47 | Nigerian Farmer · wall_segment Unknown (4001) x1 |
| 1:47 | Enmore · wall_segment Unknown (4001) x20 |
| 1:48 | Nigerian Farmer · wall_segment Unknown (4001) x1 |
| 1:48 | pattomi · wall_segment Unknown (4001) x7 |
| 1:48 | Nigerian Farmer · wall_segment Unknown (4001) x1 |
| 1:49 | Nigerian Farmer · wall_segment Unknown (4001) x1 |
| 1:49 | Wololoo · wall_segment Unknown (4001) x3 |
| 1:50 | Wololoo · wall_segment Unknown (4001) x3 |
| 1:51 | Wololoo · wall_segment Unknown (4001) x1 |
| 1:52 | Wololoo · wall_segment Unknown (4001) x1 |
| 1:52 | Wololoo · wall_segment Unknown (4001) x1 |
| 1:52 | DRAX · wall_segment Unknown (4001) x1 |
| 1:53 | DRAX · wall_segment Unknown (4001) x1 |
| 1:53 | Wololoo · wall_segment Unknown (4001) x1 |
| 1:54 | DRAX · wall_segment Unknown (4001) x1 |
| 1:54 | Wololoo · wall_segment Unknown (4001) x2 |
| 1:54 | pattomi · wall_segment Unknown (4001) x5 |
| 1:55 | Wololoo · wall_segment Unknown (4001) x1 |
| 1:55 | DRAX · wall_segment Unknown (4001) x1 |
| 1:55 | Enmore · wall_segment Unknown (4001) x3 |
| 1:56 | Wololoo · wall_segment Unknown (4001) x2 |
| 1:56 | DRAX · wall_segment Unknown (4001) x1 |
| 1:56 | Wololoo · wall_segment Unknown (4001) x1 |
| 1:57 | DRAX · wall_segment Unknown (4001) x1 |
| 1:57 | Nigerian Farmer · wall_segment Unknown (4001) x7 |
| 1:57 | Wololoo · wall_segment Unknown (4001) x2 |
| 1:58 | DRAX · wall_segment Unknown (4001) x1 |
| 1:58 | Wololoo · wall_segment Unknown (4001) x1 |
| 1:58 | DRAX · wall_segment Unknown (4001) x1 |
| 1:58 | Wololoo · wall_segment Unknown (4001) x2 |
| 1:59 | DRAX · wall_segment Unknown (4001) x1 |
| 2:00 | DRAX · wall_segment Unknown (4001) x1 |
| 2:00 | pattomi · wall_segment Unknown (4001) x37 |
| 2:00 | Enmore · wall_segment Unknown (4001) x3 |
| 2:01 | Nigerian Farmer · wall_segment Unknown (4001) x6 |
| 2:01 | Wololoo · wall_segment Unknown (4001) x1 |
| 2:02 | Wololoo · wall_segment Unknown (4001) x2 |
| 2:02 | pattomi · wall_segment Unknown (4001) x3 |
| 2:02 | DRAX · wall_segment Unknown (4001) x1 |
| 2:03 | DRAX · wall_segment Unknown (4001) x1 |
| 2:04 | DRAX · wall_segment Unknown (4001) x1 |
| 2:09 | Enmore · wall_segment Unknown (4001) x9 |
| 2:11 | DRAX · wall_segment Unknown (4001) x1 |
| 2:12 | DRAX · wall_segment Unknown (4001) x1 |
| 2:12 | DRAX · wall_segment Unknown (4001) x1 |
| 2:13 | DRAX · wall_segment Unknown (4001) x1 |
| 2:14 | DRAX · wall_segment Unknown (4001) x1 |
| 2:15 | DRAX · wall_segment Unknown (4001) x1 |
| 2:15 | sp0ton · wall_segment Unknown (4001) x5 |
| 2:16 | DRAX · wall_segment Unknown (4001) x1 |
| 2:16 | DRAX · wall_segment Unknown (4001) x1 |
| 2:17 | DRAX · wall_segment Unknown (4001) x1 |
| 2:18 | DRAX · wall_segment Unknown (4001) x1 |
| 2:19 | DRAX · wall_segment Unknown (4001) x1 |
| 2:20 | DRAX · wall_segment Unknown (4001) x1 |
| 2:20 | sp0ton · wall_segment Unknown (4001) x4 |
| 2:20 | DRAX · wall_segment Unknown (4001) x1 |
| 2:21 | DRAX · wall_segment Unknown (4001) x1 |
| 2:21 | Enmore · wall_segment Unknown (4001) x8 |
| 2:22 | DRAX · wall_segment Unknown (4001) x1 |
| 2:23 | DRAX · wall_segment Unknown (4001) x1 |
| 2:23 | Wololoo · wall_segment Unknown (4001) x1 |
| 2:23 | DRAX · wall_segment Unknown (4001) x1 |
| 2:24 | Enmore · wall_segment Unknown (4001) x23 |
| 2:25 | Wololoo · wall_segment Unknown (4001) x5 |
| 2:25 | Enmore · wall_segment Unknown (4001) x9 |
| 2:26 | DRAX · wall_segment Unknown (4001) x1 |
| 2:26 | DRAX · wall_segment Unknown (4001) x1 |
| 2:27 | Wololoo · wall_segment Unknown (4001) x10 |
| 2:31 | sp0ton · wall_segment Unknown (4001) x31 |
| 2:31 | pattomi · wall_segment Unknown (4001) x4 |
| 2:33 | pattomi · wall_segment Unknown (4001) x4 |
| 2:33 | Nigerian Farmer · first_building Stable |
| 2:34 | DRAX · wall_segment Unknown (4001) x1 |
| 2:35 | DRAX · wall_segment Unknown (4001) x1 |
| 2:35 | Wololoo · wall_segment Unknown (4001) x1 |
| 2:35 | DRAX · wall_segment Unknown (4001) x1 |
| 2:36 | Wololoo · wall_segment Unknown (4001) x1 |
| 2:37 | DRAX · wall_segment Unknown (4001) x1 |
| 2:37 | Wololoo · wall_segment Unknown (4001) x1 |
| 2:37 | DRAX · wall_segment Unknown (4001) x1 |
| 2:38 | DRAX · wall_segment Unknown (4001) x1 |
| 2:38 | Wololoo · wall_segment Unknown (4001) x2 |
| 2:38 | Wololoo · wall_segment Unknown (4001) x1 |
| 2:40 | Wololoo · wall_segment Unknown (4001) x2 |
| 2:40 | Wololoo · wall_segment Unknown (4001) x1 |
| 2:41 | Wololoo · wall_segment Unknown (4001) x2 |
| 2:42 | DRAX · wall_segment Unknown (4001) x4 |
| 2:42 | pattomi · wall_segment Unknown (4001) x25 |
| 2:42 | Wololoo · wall_segment Unknown (4001) x1 |
| 2:43 | Wololoo · wall_segment Unknown (4001) x2 |
| 2:43 | Wololoo · wall_segment Unknown (4001) x1 |
| 2:44 | Wololoo · wall_segment Unknown (4001) x2 |
| 2:45 | Wololoo · wall_segment Unknown (4001) x1 |
| 2:46 | pattomi · wall_segment Unknown (4001) x5 |
| 2:46 | Wololoo · wall_segment Unknown (4001) x3 |
| 2:46 | Wololoo · wall_segment Unknown (4001) x1 |
| 2:47 | Enmore · wall_segment Unknown (4001) x2 |
| 2:47 | Wololoo · wall_segment Unknown (4001) x2 |
| 2:48 | DRAX · wall_segment Unknown (4001) x16 |
| 2:48 | Wololoo · wall_segment Unknown (4001) x1 |
| 2:49 | Enmore · wall_segment Unknown (4001) x1 |
| 2:49 | Wololoo · wall_segment Unknown (4001) x3 |
| 2:49 | Wololoo · wall_segment Unknown (4001) x1 |
| 2:50 | Wololoo · wall_segment Unknown (4001) x1 |
| 2:51 | Wololoo · wall_segment Unknown (4001) x1 |
| 2:51 | Wololoo · wall_segment Unknown (4001) x1 |
| 2:52 | Wololoo · wall_segment Unknown (4001) x2 |
| 2:53 | sp0ton · wall_segment Unknown (4001) x10 |
| 2:53 | Wololoo · wall_segment Unknown (4001) x1 |
| 2:53 | Enmore · wall_segment Unknown (4001) x1 |
| 2:54 | Wololoo · wall_segment Unknown (4001) x2 |
| 2:54 | DRAX · wall_segment Unknown (4001) x2 |
| 2:55 | Wololoo · wall_segment Unknown (4001) x1 |
| 2:56 | Wololoo · wall_segment Unknown (4001) x2 |
| 2:57 | Wololoo · wall_segment Unknown (4001) x1 |
| 2:58 | DRAX · wall_segment Unknown (4001) x7 |
| 2:58 | Enmore · wall_segment Unknown (4001) x2 |
| 2:58 | Wololoo · wall_segment Unknown (4001) x10 |
| 2:59 | Enmore · wall_segment Unknown (4001) x1 |
| 3:00 | Enmore · wall_segment Unknown (4001) x1 |
| 3:00 | DRAX · wall_segment Unknown (4001) x6 |
| 3:01 | pattomi · wall_segment Unknown (4001) x1 |
| 3:01 | Enmore · wall_segment Unknown (4001) x1 |
| 3:02 | Enmore · wall_segment Unknown (4001) x1 |
| 3:02 | pattomi · wall_segment Unknown (4001) x1 |
| 3:02 | Enmore · wall_segment Unknown (4001) x1 |
| 3:03 | Enmore · wall_segment Unknown (4001) x1 |
| 3:04 | Enmore · wall_segment Unknown (4001) x1 |
| 3:04 | Wololoo · wall_segment Unknown (4001) x1 |
| 3:05 | pattomi · wall_segment Unknown (4001) x4 |
| 3:05 | Enmore · wall_segment Unknown (4001) x1 |
| 3:05 | Wololoo · wall_segment Unknown (4001) x1 |
| 3:06 | sp0ton · wall_segment Unknown (4001) x10 |
| 3:06 | Enmore · wall_segment Unknown (4001) x1 |
| 3:06 | Wololoo · wall_segment Unknown (4001) x1 |
| 3:06 | DRAX · wall_segment Unknown (4001) x19 |
| 3:06 | Enmore · wall_segment Unknown (4001) x1 |
| 3:07 | Wololoo · wall_segment Unknown (4001) x1 |
| 3:07 | Enmore · wall_segment Unknown (4001) x1 |
| 3:08 | Wololoo · wall_segment Unknown (4001) x1 |
| 3:08 | Enmore · wall_segment Unknown (4001) x1 |
| 3:08 | Wololoo · wall_segment Unknown (4001) x1 |
| 3:09 | pattomi · wall_segment Unknown (4001) x8 |
| 3:09 | Enmore · wall_segment Unknown (4001) x1 |
| 3:09 | Wololoo · wall_segment Unknown (4001) x1 |
| 3:09 | Enmore · wall_segment Unknown (4001) x1 |
| 3:10 | Wololoo · wall_segment Unknown (4001) x2 |
| 3:10 | Enmore · wall_segment Unknown (4001) x1 |
| 3:11 | Wololoo · wall_segment Unknown (4001) x1 |
| 3:11 | Enmore · wall_segment Unknown (4001) x1 |
| 3:11 | Wololoo · wall_segment Unknown (4001) x2 |
| 3:12 | Enmore · wall_segment Unknown (4001) x1 |
| 3:12 | Wololoo · wall_segment Unknown (4001) x1 |
| 3:13 | Enmore · wall_segment Unknown (4001) x1 |
| 3:13 | Wololoo · wall_segment Unknown (4001) x2 |
| 3:13 | Enmore · wall_segment Unknown (4001) x1 |
| 3:14 | Wololoo · wall_segment Unknown (4001) x1 |
| 3:14 | Enmore · wall_segment Unknown (4001) x1 |
| 3:14 | Wololoo · wall_segment Unknown (4001) x3 |
| 3:15 | Wololoo · wall_segment Unknown (4001) x1 |
| 3:15 | Enmore · wall_segment Unknown (4001) x1 |
| 3:16 | Wololoo · wall_segment Unknown (4001) x2 |
| 3:17 | Enmore · wall_segment Unknown (4001) x1 |
| 3:17 | Wololoo · wall_segment Unknown (4001) x1 |
| 3:17 | sp0ton · wall_segment Unknown (4001) x11 |
| 3:17 | Enmore · wall_segment Unknown (4001) x1 |
| 3:18 | Wololoo · wall_segment Unknown (4001) x5 |
| 3:18 | Enmore · wall_segment Unknown (4001) x1 |
| 3:19 | Enmore · wall_segment Unknown (4001) x1 |
| 3:19 | Wololoo · wall_segment Unknown (4001) x4 |
| 3:20 | Enmore · wall_segment Unknown (4001) x1 |
| 3:20 | sp0ton · wall_segment Unknown (4001) x7 |
| 3:20 | Enmore · wall_segment Unknown (4001) x1 |
| 3:21 | Wololoo · wall_segment Unknown (4001) x5 |
| 3:21 | Enmore · wall_segment Unknown (4001) x1 |
| 3:21 | pattomi · wall_segment Unknown (4001) x3 |
| 3:22 | Enmore · wall_segment Unknown (4001) x1 |
| 3:22 | DRAX · wall_segment Unknown (4001) x11 |
| 3:23 | Wololoo · wall_segment Unknown (4001) x13 |
| 3:25 | Enmore · wall_segment Unknown (4001) x10 |
| 3:26 | pattomi · wall_segment Unknown (4001) x2 |
| 3:28 | pattomi · wall_segment Unknown (4001) x5 |
| 3:28 | Enmore · wall_segment Unknown (4001) x11 |
| 3:29 | DRAX · wall_segment Unknown (4001) x10 |
| 3:31 | pattomi · wall_segment Unknown (4001) x6 |
| 3:32 | DRAX · wall_segment Unknown (4001) x3 |
| 3:33 | DRAX · wall_segment Unknown (4001) x1 |
| 3:34 | DRAX · wall_segment Unknown (4001) x1 |
| 3:35 | DRAX · wall_segment Unknown (4001) x1 |
| 3:36 | DRAX · wall_segment Unknown (4001) x1 |
| 3:36 | pattomi · wall_segment Unknown (4001) x5 |
| 3:36 | DRAX · wall_segment Unknown (4001) x1 |
| 3:38 | Enmore · wall_segment Unknown (4001) x4 |
| 3:38 | DRAX · wall_segment Unknown (4001) x1 |
| 3:39 | DRAX · wall_segment Unknown (4001) x1 |
| 3:40 | DRAX · wall_segment Unknown (4001) x1 |
| 3:41 | pattomi · wall_segment Unknown (4001) x3 |
| 3:41 | DRAX · wall_segment Unknown (4001) x1 |
| 3:41 | pattomi · wall_segment Unknown (4001) x1 |
| 3:42 | DRAX · wall_segment Unknown (4001) x1 |
| 3:42 | pattomi · wall_segment Unknown (4001) x1 |
| 3:43 | DRAX · wall_segment Unknown (4001) x1 |
| 3:43 | pattomi · wall_segment Unknown (4001) x1 |
| 3:43 | DRAX · wall_segment Unknown (4001) x1 |
| 3:43 | pattomi · wall_segment Unknown (4001) x1 |
| 3:44 | pattomi · wall_segment Unknown (4001) x1 |
| 3:44 | DRAX · wall_segment Unknown (4001) x1 |
| 3:45 | pattomi · wall_segment Unknown (4001) x1 |
| 3:45 | DRAX · wall_segment Unknown (4001) x1 |
| 3:45 | pattomi · wall_segment Unknown (4001) x1 |
| 3:46 | DRAX · wall_segment Unknown (4001) x1 |
| 3:46 | pattomi · wall_segment Unknown (4001) x1 |
| 3:46 | DRAX · wall_segment Unknown (4001) x1 |
| 3:46 | pattomi · wall_segment Unknown (4001) x1 |
| 3:47 | DRAX · wall_segment Unknown (4001) x1 |
| 3:47 | pattomi · wall_segment Unknown (4001) x1 |
| 3:47 | Wololoo · wall_segment Unknown (4001) x3 |
| 3:47 | pattomi · wall_segment Unknown (4001) x1 |
| 3:48 | DRAX · wall_segment Unknown (4001) x1 |
| 3:48 | Wololoo · wall_segment Unknown (4001) x1 |
| 3:48 | pattomi · wall_segment Unknown (4001) x1 |
| 3:48 | DRAX · wall_segment Unknown (4001) x1 |
| 3:48 | Wololoo · wall_segment Unknown (4001) x1 |
| 3:49 | pattomi · wall_segment Unknown (4001) x1 |
| 3:49 | DRAX · wall_segment Unknown (4001) x1 |
| 3:49 | pattomi · wall_segment Unknown (4001) x1 |
| 3:49 | Wololoo · wall_segment Unknown (4001) x1 |
| 3:50 | DRAX · wall_segment Unknown (4001) x1 |
| 3:50 | pattomi · wall_segment Unknown (4001) x1 |
| 3:50 | Wololoo · wall_segment Unknown (4001) x2 |
| 3:50 | DRAX · wall_segment Unknown (4001) x1 |
| 3:50 | pattomi · wall_segment Unknown (4001) x1 |
| 3:50 | Wololoo · wall_segment Unknown (4001) x1 |
| 3:51 | DRAX · wall_segment Unknown (4001) x1 |
| 3:51 | pattomi · wall_segment Unknown (4001) x1 |
| 3:51 | Enmore · wall_segment Unknown (4001) x5 |
| 3:51 | DRAX · wall_segment Unknown (4001) x1 |
| 3:51 | pattomi · wall_segment Unknown (4001) x1 |
| 3:51 | Wololoo · wall_segment Unknown (4001) x2 |
| 3:52 | pattomi · wall_segment Unknown (4001) x1 |
| 3:52 | Wololoo · wall_segment Unknown (4001) x1 |
| 3:52 | DRAX · wall_segment Unknown (4001) x1 |
| 3:52 | pattomi · wall_segment Unknown (4001) x2 |
| 3:53 | DRAX · wall_segment Unknown (4001) x1 |
| 3:53 | pattomi · wall_segment Unknown (4001) x1 |
| 3:53 | Wololoo · wall_segment Unknown (4001) x2 |
| 3:53 | Wololoo · wall_segment Unknown (4001) x1 |
| 3:54 | DRAX · wall_segment Unknown (4001) x1 |
| 3:54 | pattomi · wall_segment Unknown (4001) x1 |
| 3:54 | DRAX · wall_segment Unknown (4001) x1 |
| 3:54 | Wololoo · wall_segment Unknown (4001) x2 |
| 3:55 | Enmore · wall_segment Unknown (4001) x3 |
| 3:55 | Wololoo · wall_segment Unknown (4001) x1 |
| 3:55 | DRAX · wall_segment Unknown (4001) x1 |
| 3:56 | Wololoo · wall_segment Unknown (4001) x2 |
| 3:56 | Enmore · wall_segment Unknown (4001) x1 |
| 3:57 | pattomi · wall_segment Unknown (4001) x1 |
| 3:57 | DRAX · wall_segment Unknown (4001) x1 |
| 3:57 | pattomi · wall_segment Unknown (4001) x1 |
| 3:58 | DRAX · wall_segment Unknown (4001) x1 |
| 3:58 | pattomi · wall_segment Unknown (4001) x1 |
| 3:58 | Enmore · wall_segment Unknown (4001) x1 |
| 3:58 | DRAX · wall_segment Unknown (4001) x1 |
| 3:59 | DRAX · wall_segment Unknown (4001) x1 |
| 3:59 | DRAX · wall_segment Unknown (4001) x1 |
| 3:59 | pattomi · wall_segment Unknown (4001) x4 |
| 4:00 | DRAX · wall_segment Unknown (4001) x1 |
| 4:00 | Enmore · wall_segment Unknown (4001) x2 |
| 4:01 | DRAX · wall_segment Unknown (4001) x1 |
| 4:01 | DRAX · wall_segment Unknown (4001) x1 |
| 4:02 | DRAX · wall_segment Unknown (4001) x1 |
| 4:02 | Enmore · wall_segment Unknown (4001) x1 |
| 4:02 | Wololoo · wall_segment Unknown (4001) x1 |
| 4:03 | DRAX · wall_segment Unknown (4001) x1 |
| 4:03 | Wololoo · wall_segment Unknown (4001) x1 |
| 4:03 | Enmore · wall_segment Unknown (4001) x1 |
| 4:04 | sp0ton · wall_segment Unknown (4001) x3 |
| 4:04 | pattomi · wall_segment Unknown (4001) x12 |
| 4:04 | Wololoo · wall_segment Unknown (4001) x2 |
| 4:04 | Enmore · wall_segment Unknown (4001) x1 |
| 4:04 | Wololoo · wall_segment Unknown (4001) x1 |
| 4:05 | DRAX · wall_segment Unknown (4001) x1 |
| 4:05 | Enmore · wall_segment Unknown (4001) x1 |
| 4:05 | Wololoo · wall_segment Unknown (4001) x2 |
| 4:05 | sp0ton · wall_segment Unknown (4001) x4 |
| 4:06 | Nigerian Farmer · wall_segment Unknown (4001) x7 |
| 4:06 | pattomi · wall_segment Unknown (4001) x1 |
| 4:06 | Enmore · wall_segment Unknown (4001) x1 |
| 4:06 | Wololoo · wall_segment Unknown (4001) x1 |
| 4:06 | DRAX · wall_segment Unknown (4001) x1 |
| 4:06 | Enmore · wall_segment Unknown (4001) x1 |
| 4:07 | Wololoo · wall_segment Unknown (4001) x2 |
| 4:07 | DRAX · wall_segment Unknown (4001) x1 |
| 4:07 | Enmore · wall_segment Unknown (4001) x1 |
| 4:07 | Wololoo · wall_segment Unknown (4001) x1 |
| 4:08 | Enmore · wall_segment Unknown (4001) x1 |
| 4:08 | Wololoo · wall_segment Unknown (4001) x2 |
| 4:08 | Nigerian Farmer · wall_segment Unknown (4001) x1 |
| 4:09 | sp0ton · wall_segment Unknown (4001) x42 |
| 4:09 | Wololoo · wall_segment Unknown (4001) x1 |
| 4:09 | DRAX · wall_segment Unknown (4001) x1 |
| 4:09 | Nigerian Farmer · wall_segment Unknown (4001) x1 |
| 4:09 | Enmore · wall_segment Unknown (4001) x1 |
| 4:10 | Nigerian Farmer · wall_segment Unknown (4001) x1 |
| 4:10 | DRAX · wall_segment Unknown (4001) x1 |
| 4:10 | Nigerian Farmer · wall_segment Unknown (4001) x1 |
| 4:10 | Enmore · wall_segment Unknown (4001) x1 |
| 4:10 | Wololoo · wall_segment Unknown (4001) x1 |
| 4:11 | Nigerian Farmer · wall_segment Unknown (4001) x1 |
| 4:11 | pattomi · wall_segment Unknown (4001) x18 |
| 4:11 | Enmore · wall_segment Unknown (4001) x1 |
| 4:11 | Wololoo · wall_segment Unknown (4001) x1 |
| 4:11 | Nigerian Farmer · wall_segment Unknown (4001) x1 |
| 4:12 | Enmore · wall_segment Unknown (4001) x1 |
| 4:12 | Wololoo · wall_segment Unknown (4001) x1 |
| 4:12 | Nigerian Farmer · wall_segment Unknown (4001) x1 |
| 4:12 | Nigerian Farmer · wall_segment Unknown (4001) x1 |
| 4:12 | Wololoo · wall_segment Unknown (4001) x2 |
| 4:13 | Enmore · wall_segment Unknown (4001) x1 |
| 4:13 | Enmore · wall_segment Unknown (4001) x1 |
| 4:13 | Wololoo · wall_segment Unknown (4001) x1 |
| 4:14 | DRAX · wall_segment Unknown (4001) x9 |
| 4:14 | Enmore · wall_segment Unknown (4001) x1 |
| 4:14 | Wololoo · wall_segment Unknown (4001) x2 |
| 4:14 | pattomi · wall_segment Unknown (4001) x18 |
| 4:15 | Nigerian Farmer · wall_segment Unknown (4001) x1 |
| 4:15 | Wololoo · wall_segment Unknown (4001) x1 |
| 4:15 | Nigerian Farmer · wall_segment Unknown (4001) x1 |
| 4:15 | Enmore · wall_segment Unknown (4001) x1 |
| 4:16 | Nigerian Farmer · wall_segment Unknown (4001) x1 |
| 4:16 | Wololoo · wall_segment Unknown (4001) x2 |
| 4:16 | Enmore · wall_segment Unknown (4001) x1 |
| 4:16 | DRAX · wall_segment Unknown (4001) x16 |
| 4:16 | Nigerian Farmer · wall_segment Unknown (4001) x1 |
| 4:17 | Nigerian Farmer · wall_segment Unknown (4001) x1 |
| 4:17 | Nigerian Farmer · wall_segment Unknown (4001) x1 |
| 4:17 | Enmore · wall_segment Unknown (4001) x1 |
| 4:18 | Nigerian Farmer · wall_segment Unknown (4001) x1 |
| 4:18 | Wololoo · wall_segment Unknown (4001) x1 |
| 4:19 | DRAX · wall_segment Unknown (4001) x8 |
| 4:19 | Nigerian Farmer · wall_segment Unknown (4001) x1 |
| 4:20 | Nigerian Farmer · wall_segment Unknown (4001) x1 |
| 4:20 | Nigerian Farmer · wall_segment Unknown (4001) x1 |
| 4:21 | Nigerian Farmer · wall_segment Unknown (4001) x1 |
| 4:21 | DRAX · wall_segment Unknown (4001) x3 |
| 4:22 | Nigerian Farmer · wall_segment Unknown (4001) x1 |
| 4:22 | Nigerian Farmer · wall_segment Unknown (4001) x1 |
| 4:23 | DRAX · wall_segment Unknown (4001) x1 |
| 4:23 | Nigerian Farmer · wall_segment Unknown (4001) x1 |
| 4:23 | Nigerian Farmer · wall_segment Unknown (4001) x1 |
| 4:23 | Wololoo · wall_segment Unknown (4001) x2 |
| 4:23 | Enmore · wall_segment Unknown (4001) x4 |
| 4:24 | DRAX · wall_segment Unknown (4001) x1 |
| 4:24 | Nigerian Farmer · wall_segment Unknown (4001) x1 |
| 4:24 | Wololoo · wall_segment Unknown (4001) x1 |
| 4:24 | DRAX · wall_segment Unknown (4001) x1 |
| 4:25 | Nigerian Farmer · wall_segment Unknown (4001) x1 |
| 4:25 | Wololoo · wall_segment Unknown (4001) x2 |
| 4:25 | Nigerian Farmer · wall_segment Unknown (4001) x1 |
| 4:25 | Enmore · wall_segment Unknown (4001) x10 |
| 4:25 | DRAX · wall_segment Unknown (4001) x1 |
| 4:25 | Nigerian Farmer · wall_segment Unknown (4001) x1 |
| 4:25 | Wololoo · wall_segment Unknown (4001) x2 |
| 4:26 | pattomi · wall_segment Unknown (4001) x4 |
| 4:26 | DRAX · wall_segment Unknown (4001) x1 |
| 4:26 | Nigerian Farmer · wall_segment Unknown (4001) x1 |
| 4:26 | Wololoo · wall_segment Unknown (4001) x1 |
| 4:27 | DRAX · wall_segment Unknown (4001) x1 |
| 4:27 | Nigerian Farmer · wall_segment Unknown (4001) x1 |
| 4:27 | DRAX · wall_segment Unknown (4001) x1 |
| 4:27 | Nigerian Farmer · wall_segment Unknown (4001) x1 |
| 4:27 | Wololoo · wall_segment Unknown (4001) x2 |
| 4:28 | DRAX · wall_segment Unknown (4001) x1 |
| 4:28 | Nigerian Farmer · wall_segment Unknown (4001) x1 |
| 4:28 | pattomi · wall_segment Unknown (4001) x4 |
| 4:28 | Wololoo · wall_segment Unknown (4001) x1 |
| 4:28 | Nigerian Farmer · wall_segment Unknown (4001) x1 |
| 4:29 | DRAX · wall_segment Unknown (4001) x1 |
| 4:29 | Nigerian Farmer · wall_segment Unknown (4001) x1 |
| 4:29 | Wololoo · wall_segment Unknown (4001) x2 |
| 4:29 | DRAX · wall_segment Unknown (4001) x1 |
| 4:29 | DRAX · wall_segment Unknown (4001) x1 |
| 4:30 | Nigerian Farmer · wall_segment Unknown (4001) x1 |
| 4:30 | DRAX · wall_segment Unknown (4001) x1 |
| 4:30 | Nigerian Farmer · wall_segment Unknown (4001) x1 |
| 4:30 | Wololoo · wall_segment Unknown (4001) x1 |
| 4:31 | Nigerian Farmer · wall_segment Unknown (4001) x1 |
| 4:31 | DRAX · wall_segment Unknown (4001) x1 |
| 4:31 | Nigerian Farmer · wall_segment Unknown (4001) x1 |
| 4:31 | Wololoo · wall_segment Unknown (4001) x3 |
| 4:32 | DRAX · wall_segment Unknown (4001) x1 |
| 4:32 | Nigerian Farmer · wall_segment Unknown (4001) x1 |
| 4:32 | Wololoo · wall_segment Unknown (4001) x1 |
| 4:32 | Nigerian Farmer · wall_segment Unknown (4001) x1 |
| 4:32 | DRAX · wall_segment Unknown (4001) x1 |
| 4:32 | Wololoo · wall_segment Unknown (4001) x1 |
| 4:33 | DRAX · wall_segment Unknown (4001) x1 |
| 4:33 | Nigerian Farmer · wall_segment Unknown (4001) x1 |
| 4:33 | DRAX · wall_segment Unknown (4001) x1 |
| 4:34 | Nigerian Farmer · wall_segment Unknown (4001) x1 |
| 4:34 | Wololoo · wall_segment Unknown (4001) x1 |
| 4:34 | DRAX · wall_segment Unknown (4001) x1 |
| 4:34 | Nigerian Farmer · wall_segment Unknown (4001) x2 |
| 4:34 | Wololoo · wall_segment Unknown (4001) x1 |
| 4:35 | DRAX · wall_segment Unknown (4001) x1 |
| 4:35 | Nigerian Farmer · wall_segment Unknown (4001) x1 |
| 4:35 | DRAX · wall_segment Unknown (4001) x1 |
| 4:35 | Wololoo · wall_segment Unknown (4001) x2 |
| 4:35 | Nigerian Farmer · wall_segment Unknown (4001) x1 |
| 4:36 | Nigerian Farmer · wall_segment Unknown (4001) x1 |
| 4:36 | DRAX · wall_segment Unknown (4001) x1 |
| 4:36 | Wololoo · wall_segment Unknown (4001) x1 |
| 4:36 | DRAX · wall_segment Unknown (4001) x1 |
| 4:36 | Nigerian Farmer · wall_segment Unknown (4001) x1 |
| 4:37 | DRAX · wall_segment Unknown (4001) x1 |
| 4:37 | Nigerian Farmer · wall_segment Unknown (4001) x1 |
| 4:37 | Wololoo · wall_segment Unknown (4001) x2 |
| 4:37 | DRAX · wall_segment Unknown (4001) x1 |
| 4:37 | Nigerian Farmer · wall_segment Unknown (4001) x1 |
| 4:38 | DRAX · wall_segment Unknown (4001) x1 |
| 4:38 | Wololoo · wall_segment Unknown (4001) x1 |
| 4:38 | DRAX · wall_segment Unknown (4001) x1 |
| 4:38 | Nigerian Farmer · wall_segment Unknown (4001) x1 |
| 4:39 | Wololoo · wall_segment Unknown (4001) x2 |
| 4:39 | DRAX · wall_segment Unknown (4001) x1 |
| 4:39 | Nigerian Farmer · wall_segment Unknown (4001) x1 |
| 4:39 | Nigerian Farmer · wall_segment Unknown (4001) x1 |
| 4:39 | Wololoo · wall_segment Unknown (4001) x1 |
| 4:40 | DRAX · wall_segment Unknown (4001) x1 |
| 4:40 | Wololoo · wall_segment Unknown (4001) x2 |
| 4:41 | pattomi · wall_segment Unknown (4001) x16 |
| 4:41 | Wololoo · wall_segment Unknown (4001) x1 |
| 4:42 | DRAX · wall_segment Unknown (4001) x1 |
| 4:42 | pattomi · wall_segment Unknown (4001) x1 |
| 4:42 | DRAX · wall_segment Unknown (4001) x1 |
| 4:42 | Wololoo · wall_segment Unknown (4001) x2 |
| 4:43 | DRAX · wall_segment Unknown (4001) x1 |
| 4:43 | Wololoo · wall_segment Unknown (4001) x1 |
| 4:43 | DRAX · wall_segment Unknown (4001) x1 |
| 4:43 | sp0ton · wall_segment Unknown (4001) x43 |
| 4:43 | Nigerian Farmer · wall_segment Unknown (4001) x1 |
| 4:44 | DRAX · wall_segment Unknown (4001) x1 |
| 4:44 | Wololoo · wall_segment Unknown (4001) x1 |
| 4:44 | Wololoo · wall_segment Unknown (4001) x1 |
| 4:45 | DRAX · wall_segment Unknown (4001) x1 |
| 4:45 | DRAX · wall_segment Unknown (4001) x1 |
| 4:45 | Wololoo · wall_segment Unknown (4001) x1 |
| 4:46 | DRAX · wall_segment Unknown (4001) x1 |
| 4:46 | Wololoo · wall_segment Unknown (4001) x2 |
| 4:46 | Nigerian Farmer · wall_segment Unknown (4001) x18 |
| 4:47 | Wololoo · wall_segment Unknown (4001) x1 |
| 4:47 | sp0ton · wall_segment Unknown (4001) x43 |
| 4:47 | Wololoo · wall_segment Unknown (4001) x2 |
| 4:48 | DRAX · wall_segment Unknown (4001) x1 |
| 4:48 | Wololoo · wall_segment Unknown (4001) x1 |
| 4:49 | Wololoo · wall_segment Unknown (4001) x2 |
| 4:49 | pattomi · wall_segment Unknown (4001) x6 |
| 4:49 | Wololoo · wall_segment Unknown (4001) x1 |
| 4:50 | DRAX · wall_segment Unknown (4001) x1 |
| 4:50 | Wololoo · wall_segment Unknown (4001) x2 |
| 4:51 | DRAX · wall_segment Unknown (4001) x1 |
| 4:51 | Nigerian Farmer · wall_segment Unknown (4001) x13 |
| 4:51 | Wololoo · wall_segment Unknown (4001) x1 |
| 4:51 | DRAX · wall_segment Unknown (4001) x1 |
| 4:52 | Nigerian Farmer · wall_segment Unknown (4001) x1 |
| 4:52 | Wololoo · wall_segment Unknown (4001) x2 |
| 4:52 | Nigerian Farmer · wall_segment Unknown (4001) x1 |
| 4:53 | Wololoo · wall_segment Unknown (4001) x1 |
| 4:53 | Nigerian Farmer · wall_segment Unknown (4001) x1 |
| 4:53 | Nigerian Farmer · wall_segment Unknown (4001) x1 |
| 4:53 | Wololoo · wall_segment Unknown (4001) x2 |
| 4:54 | Nigerian Farmer · wall_segment Unknown (4001) x1 |
| 4:54 | Wololoo · wall_segment Unknown (4001) x1 |
| 4:55 | Nigerian Farmer · wall_segment Unknown (4001) x1 |
| 4:55 | Wololoo · wall_segment Unknown (4001) x2 |
| 4:55 | Nigerian Farmer · wall_segment Unknown (4001) x1 |
| 4:56 | Nigerian Farmer · wall_segment Unknown (4001) x1 |
| 4:56 | Wololoo · wall_segment Unknown (4001) x1 |
| 4:56 | Nigerian Farmer · wall_segment Unknown (4001) x1 |
| 4:57 | Nigerian Farmer · wall_segment Unknown (4001) x1 |
| 4:57 | Wololoo · wall_segment Unknown (4001) x5 |
| 4:57 | Nigerian Farmer · wall_segment Unknown (4001) x1 |
| 4:58 | Nigerian Farmer · wall_segment Unknown (4001) x1 |
| 4:59 | Nigerian Farmer · wall_segment Unknown (4001) x1 |
| 4:59 | Nigerian Farmer · wall_segment Unknown (4001) x1 |
| 4:59 | Wololoo · wall_segment Unknown (4001) x1 |
| 5:00 | Enmore · wall_segment Unknown (4001) x1 |
| 5:00 | Wololoo · wall_segment Unknown (4001) x1 |
| 5:01 | Nigerian Farmer · wall_segment Unknown (4001) x1 |
| 5:01 | Wololoo · wall_segment Unknown (4001) x1 |
| 5:01 | Nigerian Farmer · wall_segment Unknown (4001) x1 |
| 5:01 | Nigerian Farmer · wall_segment Unknown (4001) x1 |
| 5:01 | pattomi · wall_segment Unknown (4001) x6 |
| 5:02 | Wololoo · wall_segment Unknown (4001) x2 |
| 5:02 | Nigerian Farmer · wall_segment Unknown (4001) x1 |
| 5:02 | Wololoo · wall_segment Unknown (4001) x1 |
| 5:03 | Nigerian Farmer · wall_segment Unknown (4001) x2 |
| 5:03 | Wololoo · wall_segment Unknown (4001) x2 |
| 5:03 | Nigerian Farmer · wall_segment Unknown (4001) x1 |
| 5:04 | Wololoo · wall_segment Unknown (4001) x1 |
| 5:04 | Nigerian Farmer · wall_segment Unknown (4001) x1 |
| 5:05 | Wololoo · wall_segment Unknown (4001) x2 |
| 5:05 | Nigerian Farmer · wall_segment Unknown (4001) x1 |
| 5:05 | Nigerian Farmer · wall_segment Unknown (4001) x1 |
| 5:05 | Wololoo · wall_segment Unknown (4001) x1 |
| 5:06 | Nigerian Farmer · wall_segment Unknown (4001) x1 |
| 5:06 | Wololoo · wall_segment Unknown (4001) x2 |
| 5:06 | Nigerian Farmer · wall_segment Unknown (4001) x1 |
| 5:07 | Nigerian Farmer · wall_segment Unknown (4001) x1 |
| 5:07 | Wololoo · wall_segment Unknown (4001) x1 |
| 5:08 | Nigerian Farmer · wall_segment Unknown (4001) x1 |
| 5:08 | Wololoo · wall_segment Unknown (4001) x2 |
| 5:08 | Nigerian Farmer · wall_segment Unknown (4001) x1 |
| 5:08 | Wololoo · wall_segment Unknown (4001) x1 |
| 5:09 | Nigerian Farmer · wall_segment Unknown (4001) x1 |
| 5:09 | Nigerian Farmer · wall_segment Unknown (4001) x1 |
| 5:09 | Wololoo · wall_segment Unknown (4001) x2 |
| 5:10 | Nigerian Farmer · wall_segment Unknown (4001) x1 |
| 5:10 | Nigerian Farmer · wall_segment Unknown (4001) x1 |
| 5:10 | Wololoo · wall_segment Unknown (4001) x1 |
| 5:11 | Nigerian Farmer · wall_segment Unknown (4001) x1 |
| 5:11 | Wololoo · wall_segment Unknown (4001) x2 |
| 5:11 | Nigerian Farmer · wall_segment Unknown (4001) x1 |
| 5:12 | Wololoo · wall_segment Unknown (4001) x1 |
| 5:12 | Nigerian Farmer · wall_segment Unknown (4001) x1 |
| 5:13 | Wololoo · wall_segment Unknown (4001) x1 |
| 5:14 | Wololoo · wall_segment Unknown (4001) x1 |
| 5:14 | Nigerian Farmer · wall_segment Unknown (4001) x3 |
| 5:14 | Wololoo · wall_segment Unknown (4001) x1 |
| 5:15 | Wololoo · wall_segment Unknown (4001) x2 |
| 5:16 | Nigerian Farmer · wall_segment Unknown (4001) x4 |
| 5:16 | Wololoo · wall_segment Unknown (4001) x1 |
| 5:17 | pattomi · wall_segment Unknown (4001) x6 |
| 5:17 | Wololoo · wall_segment Unknown (4001) x2 |
| 5:18 | Wololoo · wall_segment Unknown (4001) x1 |
| 5:18 | DRAX · wall_segment Unknown (4001) x15 |
| 5:18 | Nigerian Farmer · wall_segment Unknown (4001) x4 |
| 5:18 | Wololoo · wall_segment Unknown (4001) x2 |
| 5:19 | Wololoo · wall_segment Unknown (4001) x1 |
| 5:19 | pattomi · wall_segment Unknown (4001) x1 |
| 5:20 | Wololoo · wall_segment Unknown (4001) x2 |
| 5:21 | Wololoo · wall_segment Unknown (4001) x1 |
| 5:21 | Wololoo · wall_segment Unknown (4001) x2 |
| 5:22 | Wololoo · wall_segment Unknown (4001) x1 |
| 5:23 | Wololoo · wall_segment Unknown (4001) x2 |
| 5:24 | Nigerian Farmer · wall_segment Unknown (4001) x14 |
| 5:26 | Nigerian Farmer · wall_segment Unknown (4001) x1 |
| 5:26 | pattomi · wall_segment Unknown (4001) x11 |
| 5:26 | Wololoo · wall_segment Unknown (4001) x1 |
| 5:27 | Nigerian Farmer · wall_segment Unknown (4001) x1 |
| 5:27 | Wololoo · wall_segment Unknown (4001) x2 |
| 5:28 | Nigerian Farmer · wall_segment Unknown (4001) x1 |
| 5:28 | Wololoo · wall_segment Unknown (4001) x1 |
| 5:28 | Nigerian Farmer · wall_segment Unknown (4001) x1 |
| 5:29 | Wololoo · wall_segment Unknown (4001) x2 |
| 5:29 | Nigerian Farmer · wall_segment Unknown (4001) x1 |
| 5:30 | Wololoo · wall_segment Unknown (4001) x1 |
| 5:31 | Wololoo · wall_segment Unknown (4001) x2 |
| 5:31 | Wololoo · wall_segment Unknown (4001) x1 |
| 5:32 | Wololoo · wall_segment Unknown (4001) x2 |
| 5:33 | Wololoo · wall_segment Unknown (4001) x1 |
| 5:33 | Wololoo · wall_segment Unknown (4001) x2 |
| 5:34 | Wololoo · wall_segment Unknown (4001) x1 |
| 5:35 | Wololoo · wall_segment Unknown (4001) x2 |
| 5:35 | Wololoo · wall_segment Unknown (4001) x1 |
| 5:36 | Wololoo · wall_segment Unknown (4001) x2 |
| 5:37 | Wololoo · wall_segment Unknown (4001) x1 |
| 5:38 | Wololoo · wall_segment Unknown (4001) x1 |
| 5:39 | Wololoo · wall_segment Unknown (4001) x1 |
| 5:40 | Wololoo · wall_segment Unknown (4001) x1 |
| 5:41 | Wololoo · wall_segment Unknown (4001) x2 |
| 5:41 | pattomi · wall_segment Unknown (4001) x7 |
| 5:43 | DRAX · wall_segment Unknown (4001) x15 |
| 5:46 | Wololoo · wall_segment Unknown (4001) x1 |
| 5:47 | Wololoo · wall_segment Unknown (4001) x2 |
| 5:48 | Wololoo · wall_segment Unknown (4001) x1 |
| 5:48 | Wololoo · wall_segment Unknown (4001) x2 |
| 5:49 | pattomi · wall_segment Unknown (4001) x3 |
| 5:49 | Wololoo · wall_segment Unknown (4001) x1 |
| 5:50 | Wololoo · wall_segment Unknown (4001) x2 |
| 5:51 | Wololoo · wall_segment Unknown (4001) x1 |
| 5:51 | Wololoo · wall_segment Unknown (4001) x2 |
| 5:52 | pattomi · wall_segment Unknown (4001) x2 |
| 5:52 | Wololoo · wall_segment Unknown (4001) x1 |
| 5:52 | pattomi · wall_segment Unknown (4001) x1 |
| 5:53 | Wololoo · wall_segment Unknown (4001) x2 |
| 5:53 | pattomi · wall_segment Unknown (4001) x1 |
| 5:54 | pattomi · wall_segment Unknown (4001) x1 |
| 5:54 | Wololoo · wall_segment Unknown (4001) x1 |
| 5:54 | Wololoo · wall_segment Unknown (4001) x2 |
| 5:55 | pattomi · wall_segment Unknown (4001) x1 |
| 5:55 | Wololoo · wall_segment Unknown (4001) x1 |
| 5:55 | pattomi · wall_segment Unknown (4001) x2 |
| 5:56 | pattomi · wall_segment Unknown (4001) x1 |
| 5:56 | Wololoo · wall_segment Unknown (4001) x1 |
| 5:56 | Wololoo · wall_segment Unknown (4001) x1 |
| 5:57 | pattomi · wall_segment Unknown (4001) x1 |
| 5:57 | pattomi · wall_segment Unknown (4001) x1 |
| 5:57 | Wololoo · wall_segment Unknown (4001) x3 |
| 5:58 | pattomi · wall_segment Unknown (4001) x1 |
| 5:58 | Wololoo · wall_segment Unknown (4001) x1 |
| 5:58 | pattomi · wall_segment Unknown (4001) x2 |
| 5:59 | Wololoo · wall_segment Unknown (4001) x2 |
| 5:59 | pattomi · wall_segment Unknown (4001) x1 |
| 5:59 | Wololoo · wall_segment Unknown (4001) x1 |
| 6:00 | Wololoo · wall_segment Unknown (4001) x2 |
| 6:00 | pattomi · wall_segment Unknown (4001) x1 |
| 6:01 | Wololoo · wall_segment Unknown (4001) x2 |
| 6:02 | pattomi · wall_segment Unknown (4001) x1 |
| 6:03 | pattomi · wall_segment Unknown (4001) x1 |
| 6:03 | pattomi · wall_segment Unknown (4001) x1 |
| 6:04 | Wololoo · wall_segment Unknown (4001) x2 |
| 6:05 | Wololoo · wall_segment Unknown (4001) x1 |
| 6:06 | pattomi · wall_segment Unknown (4001) x6 |
| 6:06 | Wololoo · wall_segment Unknown (4001) x2 |
| 6:07 | Wololoo · wall_segment Unknown (4001) x1 |
| 6:07 | Nigerian Farmer · wall_segment Unknown (4001) x1 |
| 6:07 | Wololoo · wall_segment Unknown (4001) x2 |
| 6:08 | Nigerian Farmer · wall_segment Unknown (4001) x1 |
| 6:08 | Wololoo · wall_segment Unknown (4001) x1 |
| 6:08 | Nigerian Farmer · wall_segment Unknown (4001) x1 |
| 6:09 | Nigerian Farmer · wall_segment Unknown (4001) x1 |
| 6:10 | Nigerian Farmer · wall_segment Unknown (4001) x1 |
| 6:11 | Nigerian Farmer · wall_segment Unknown (4001) x1 |
| 6:11 | Nigerian Farmer · wall_segment Unknown (4001) x1 |
| 6:11 | Wololoo · wall_segment Unknown (4001) x5 |
| 6:12 | Nigerian Farmer · wall_segment Unknown (4001) x1 |
| 6:12 | pattomi · wall_segment Unknown (4001) x3 |
| 6:12 | Nigerian Farmer · wall_segment Unknown (4001) x1 |
| 6:13 | Nigerian Farmer · wall_segment Unknown (4001) x1 |
| 6:13 | Wololoo · wall_segment Unknown (4001) x5 |
| 6:13 | Nigerian Farmer · wall_segment Unknown (4001) x1 |
| 6:14 | Nigerian Farmer · wall_segment Unknown (4001) x1 |
| 6:14 | pattomi · wall_segment Unknown (4001) x2 |
| 6:15 | Nigerian Farmer · wall_segment Unknown (4001) x1 |
| 6:15 | Nigerian Farmer · wall_segment Unknown (4001) x1 |
| 6:15 | pattomi · wall_segment Unknown (4001) x2 |
| 6:16 | Wololoo · wall_segment Unknown (4001) x5 |
| 6:16 | Nigerian Farmer · wall_segment Unknown (4001) x1 |
| 6:16 | Nigerian Farmer · wall_segment Unknown (4001) x1 |
| 6:17 | pattomi · wall_segment Unknown (4001) x2 |
| 6:17 | Nigerian Farmer · wall_segment Unknown (4001) x1 |
| 6:17 | Wololoo · wall_segment Unknown (4001) x2 |
| 6:18 | Nigerian Farmer · wall_segment Unknown (4001) x1 |
| 6:18 | DRAX · wall_segment Unknown (4001) x12 |
| 6:18 | Nigerian Farmer · wall_segment Unknown (4001) x1 |
| 6:19 | Nigerian Farmer · wall_segment Unknown (4001) x1 |
| 6:19 | pattomi · wall_segment Unknown (4001) x3 |
| 6:19 | Nigerian Farmer · wall_segment Unknown (4001) x1 |
| 6:20 | DRAX · wall_segment Unknown (4001) x4 |
| 6:20 | Nigerian Farmer · wall_segment Unknown (4001) x1 |
| 6:21 | Nigerian Farmer · wall_segment Unknown (4001) x1 |
| 6:21 | pattomi · wall_segment Unknown (4001) x2 |
| 6:21 | Nigerian Farmer · wall_segment Unknown (4001) x1 |
| 6:21 | Wololoo · wall_segment Unknown (4001) x19 |
| 6:22 | Nigerian Farmer · wall_segment Unknown (4001) x1 |
| 6:22 | Nigerian Farmer · wall_segment Unknown (4001) x1 |
| 6:23 | Nigerian Farmer · wall_segment Unknown (4001) x1 |
| 6:24 | Nigerian Farmer · wall_segment Unknown (4001) x1 |
| 6:24 | Nigerian Farmer · wall_segment Unknown (4001) x1 |
| 6:25 | Nigerian Farmer · wall_segment Unknown (4001) x1 |
| 6:25 | Nigerian Farmer · wall_segment Unknown (4001) x1 |
| 6:26 | DRAX · wall_segment Unknown (4001) x12 |
| 6:28 | Nigerian Farmer · wall_segment Unknown (4001) x1 |
| 6:30 | Nigerian Farmer · wall_segment Unknown (4001) x1 |
| 6:30 | Nigerian Farmer · wall_segment Unknown (4001) x1 |
| 6:31 | Nigerian Farmer · wall_segment Unknown (4001) x1 |
| 6:31 | DRAX · wall_segment Unknown (4001) x17 |
| 6:32 | Nigerian Farmer · wall_segment Unknown (4001) x1 |
| 6:32 | Nigerian Farmer · wall_segment Unknown (4001) x1 |
| 6:33 | Nigerian Farmer · wall_segment Unknown (4001) x1 |
| 6:33 | Nigerian Farmer · wall_segment Unknown (4001) x1 |
| 6:34 | Nigerian Farmer · wall_segment Unknown (4001) x1 |
| 6:35 | Nigerian Farmer · wall_segment Unknown (4001) x1 |
| 6:35 | Nigerian Farmer · wall_segment Unknown (4001) x1 |
| 6:35 | pattomi · wall_segment Unknown (4001) x7 |
| 6:36 | Nigerian Farmer · wall_segment Unknown (4001) x1 |
| 6:36 | Nigerian Farmer · wall_segment Unknown (4001) x1 |
| 6:37 | Nigerian Farmer · wall_segment Unknown (4001) x1 |
| 6:37 | pattomi · wall_segment Unknown (4001) x4 |
| 6:37 | Nigerian Farmer · wall_segment Unknown (4001) x1 |
| 6:38 | Nigerian Farmer · wall_segment Unknown (4001) x1 |
| 6:38 | Nigerian Farmer · wall_segment Unknown (4001) x1 |
| 6:39 | Nigerian Farmer · wall_segment Unknown (4001) x1 |
| 6:39 | pattomi · wall_segment Unknown (4001) x23 |
| 6:39 | Nigerian Farmer · wall_segment Unknown (4001) x1 |
| 6:40 | Nigerian Farmer · wall_segment Unknown (4001) x1 |
| 6:40 | sp0ton · wall_segment Unknown (4001) x43 |
| 6:40 | DRAX · wall_segment Unknown (4001) x15 |
| 6:41 | Nigerian Farmer · wall_segment Unknown (4001) x1 |
| 6:41 | Nigerian Farmer · wall_segment Unknown (4001) x1 |
| 6:43 | Nigerian Farmer · wall_segment Unknown (4001) x1 |
| 6:44 | sp0ton · wall_segment Unknown (4001) x43 |
| 6:44 | Nigerian Farmer · wall_segment Unknown (4001) x1 |
| 6:44 | Nigerian Farmer · wall_segment Unknown (4001) x1 |
| 6:45 | DRAX · wall_segment Unknown (4001) x3 |
| 6:45 | Nigerian Farmer · wall_segment Unknown (4001) x1 |
| 6:46 | DRAX · wall_segment Unknown (4001) x1 |
| 6:46 | Nigerian Farmer · wall_segment Unknown (4001) x1 |
| 6:46 | Nigerian Farmer · wall_segment Unknown (4001) x1 |
| 6:47 | Nigerian Farmer · wall_segment Unknown (4001) x1 |
| 6:47 | DRAX · wall_segment Unknown (4001) x1 |
| 6:47 | Nigerian Farmer · wall_segment Unknown (4001) x1 |
| 6:48 | Nigerian Farmer · wall_segment Unknown (4001) x1 |
| 6:49 | Nigerian Farmer · wall_segment Unknown (4001) x1 |
| 6:49 | DRAX · wall_segment Unknown (4001) x1 |
| 6:49 | pattomi · wall_segment Unknown (4001) x3 |
| 6:49 | Nigerian Farmer · wall_segment Unknown (4001) x1 |
| 6:50 | DRAX · wall_segment Unknown (4001) x1 |
| 6:50 | Nigerian Farmer · wall_segment Unknown (4001) x2 |
| 6:50 | pattomi · wall_segment Unknown (4001) x1 |
| 6:50 | DRAX · wall_segment Unknown (4001) x1 |
| 6:50 | pattomi · wall_segment Unknown (4001) x1 |
| 6:51 | DRAX · wall_segment Unknown (4001) x1 |
| 6:51 | Nigerian Farmer · wall_segment Unknown (4001) x1 |
| 6:51 | pattomi · wall_segment Unknown (4001) x1 |
| 6:52 | DRAX · wall_segment Unknown (4001) x1 |
| 6:52 | Nigerian Farmer · wall_segment Unknown (4001) x1 |
| 6:52 | pattomi · wall_segment Unknown (4001) x1 |
| 6:53 | DRAX · wall_segment Unknown (4001) x1 |
| 6:53 | Nigerian Farmer · wall_segment Unknown (4001) x1 |
| 6:53 | pattomi · wall_segment Unknown (4001) x1 |
| 6:53 | Nigerian Farmer · wall_segment Unknown (4001) x1 |
| 6:54 | pattomi · wall_segment Unknown (4001) x1 |
| 6:54 | DRAX · wall_segment Unknown (4001) x1 |
| 6:54 | Nigerian Farmer · wall_segment Unknown (4001) x1 |
| 6:54 | Nigerian Farmer · wall_segment Unknown (4001) x1 |
| 6:54 | pattomi · wall_segment Unknown (4001) x1 |
| 6:55 | DRAX · wall_segment Unknown (4001) x1 |
| 6:55 | Wololoo · wall_segment Unknown (4001) x7 |
| 6:55 | Nigerian Farmer · wall_segment Unknown (4001) x1 |
| 6:55 | pattomi · wall_segment Unknown (4001) x1 |
| 6:55 | DRAX · wall_segment Unknown (4001) x1 |
| 6:55 | pattomi · wall_segment Unknown (4001) x1 |
| 6:56 | Nigerian Farmer · wall_segment Unknown (4001) x1 |
| 6:56 | DRAX · wall_segment Unknown (4001) x1 |
| 6:56 | Nigerian Farmer · wall_segment Unknown (4001) x1 |
| 6:56 | Wololoo · wall_segment Unknown (4001) x2 |
| 6:57 | Nigerian Farmer · wall_segment Unknown (4001) x1 |
| 6:57 | DRAX · wall_segment Unknown (4001) x1 |
| 6:57 | pattomi · wall_segment Unknown (4001) x1 |
| 6:57 | DRAX · wall_segment Unknown (4001) x1 |
| 6:57 | Nigerian Farmer · wall_segment Unknown (4001) x1 |
| 6:58 | pattomi · wall_segment Unknown (4001) x1 |
| 6:58 | Nigerian Farmer · wall_segment Unknown (4001) x1 |
| 6:58 | DRAX · wall_segment Unknown (4001) x1 |
| 6:59 | DRAX · wall_segment Unknown (4001) x1 |
| 6:59 | pattomi · wall_segment Unknown (4001) x1 |
| 7:00 | DRAX · wall_segment Unknown (4001) x1 |
| 7:00 | DRAX · wall_segment Unknown (4001) x1 |
| 7:01 | DRAX · wall_segment Unknown (4001) x1 |
| 7:01 | pattomi · wall_segment Unknown (4001) x5 |
| 7:02 | DRAX · wall_segment Unknown (4001) x1 |
| 7:02 | Nigerian Farmer · wall_segment Unknown (4001) x1 |
| 7:02 | Nigerian Farmer · wall_segment Unknown (4001) x1 |
| 7:03 | DRAX · wall_segment Unknown (4001) x1 |
| 7:03 | Nigerian Farmer · wall_segment Unknown (4001) x1 |
| 7:03 | pattomi · wall_segment Unknown (4001) x3 |
| 7:03 | Nigerian Farmer · wall_segment Unknown (4001) x1 |
| 7:04 | pattomi · wall_segment Unknown (4001) x1 |
| 7:04 | DRAX · wall_segment Unknown (4001) x1 |
| 7:04 | Nigerian Farmer · wall_segment Unknown (4001) x1 |
| 7:04 | DRAX · wall_segment Unknown (4001) x1 |
| 7:04 | pattomi · wall_segment Unknown (4001) x1 |
| 7:05 | Nigerian Farmer · wall_segment Unknown (4001) x1 |
| 7:05 | Nigerian Farmer · wall_segment Unknown (4001) x1 |
| 7:05 | pattomi · wall_segment Unknown (4001) x1 |
| 7:06 | Nigerian Farmer · wall_segment Unknown (4001) x1 |
| 7:06 | DRAX · wall_segment Unknown (4001) x1 |
| 7:06 | Nigerian Farmer · wall_segment Unknown (4001) x1 |
| 7:07 | Nigerian Farmer · wall_segment Unknown (4001) x1 |
| 7:07 | DRAX · wall_segment Unknown (4001) x1 |
| 7:07 | Nigerian Farmer · wall_segment Unknown (4001) x1 |
| 7:08 | DRAX · wall_segment Unknown (4001) x1 |
| 7:08 | Nigerian Farmer · wall_segment Unknown (4001) x1 |
| 7:09 | Nigerian Farmer · wall_segment Unknown (4001) x1 |
| 7:09 | DRAX · wall_segment Unknown (4001) x1 |
| 7:09 | Nigerian Farmer · wall_segment Unknown (4001) x2 |
| 7:10 | Nigerian Farmer · wall_segment Unknown (4001) x1 |
| 7:10 | DRAX · wall_segment Unknown (4001) x1 |
| 7:10 | DRAX · wall_segment Unknown (4001) x1 |
| 7:12 | DRAX · wall_segment Unknown (4001) x1 |
| 7:12 | Nigerian Farmer · wall_segment Unknown (4001) x1 |
| 7:12 | DRAX · wall_segment Unknown (4001) x1 |
| 7:12 | Nigerian Farmer · wall_segment Unknown (4001) x1 |
| 7:13 | DRAX · wall_segment Unknown (4001) x1 |
| 7:14 | Nigerian Farmer · wall_segment Unknown (4001) x1 |
| 7:14 | DRAX · wall_segment Unknown (4001) x1 |
| 7:14 | Nigerian Farmer · wall_segment Unknown (4001) x1 |
| 7:15 | DRAX · wall_segment Unknown (4001) x1 |
| 7:15 | Nigerian Farmer · wall_segment Unknown (4001) x1 |
| 7:16 | Nigerian Farmer · wall_segment Unknown (4001) x1 |
| 7:16 | DRAX · wall_segment Unknown (4001) x1 |
| 7:16 | Nigerian Farmer · wall_segment Unknown (4001) x1 |
| 7:17 | DRAX · wall_segment Unknown (4001) x1 |
| 7:17 | Nigerian Farmer · wall_segment Unknown (4001) x1 |
| 7:18 | DRAX · wall_segment Unknown (4001) x1 |
| 7:18 | Nigerian Farmer · wall_segment Unknown (4001) x1 |
| 7:18 | Nigerian Farmer · wall_segment Unknown (4001) x1 |
| 7:19 | DRAX · wall_segment Unknown (4001) x1 |
| 7:19 | Nigerian Farmer · wall_segment Unknown (4001) x1 |
| 7:19 | DRAX · wall_segment Unknown (4001) x1 |
| 7:19 | Nigerian Farmer · wall_segment Unknown (4001) x1 |
| 7:20 | Nigerian Farmer · wall_segment Unknown (4001) x1 |
| 7:21 | Nigerian Farmer · wall_segment Unknown (4001) x1 |
| 7:22 | Nigerian Farmer · wall_segment Unknown (4001) x1 |
| 7:24 | Nigerian Farmer · wall_segment Unknown (4001) x11 |
| 7:30 | DRAX · wall_segment Unknown (4001) x11 |
| 7:30 | Wololoo · wall_segment Unknown (4001) x1 |
| 7:31 | Wololoo · wall_segment Unknown (4001) x1 |
| 7:32 | Wololoo · wall_segment Unknown (4001) x1 |
| 7:33 | Wololoo · wall_segment Unknown (4001) x2 |
| 7:34 | Wololoo · wall_segment Unknown (4001) x2 |
| 7:34 | Wololoo · wall_segment Unknown (4001) x1 |
| 7:35 | Wololoo · wall_segment Unknown (4001) x2 |
| 7:36 | Wololoo · wall_segment Unknown (4001) x1 |
| 7:36 | Wololoo · wall_segment Unknown (4001) x2 |
| 7:37 | Wololoo · wall_segment Unknown (4001) x1 |
| 7:38 | Wololoo · wall_segment Unknown (4001) x3 |
| 7:38 | pattomi · wall_segment Unknown (4001) x4 |
| 7:40 | Wololoo · wall_segment Unknown (4001) x1 |
| 7:42 | Wololoo · wall_segment Unknown (4001) x1 |
| 7:42 | pattomi · wall_segment Unknown (4001) x4 |
| 7:44 | Wololoo · wall_segment Unknown (4001) x7 |
| 7:45 | pattomi · wall_segment Unknown (4001) x4 |
| 7:46 | Nigerian Farmer · wall_segment Unknown (4001) x1 |
| 7:47 | Nigerian Farmer · wall_segment Unknown (4001) x1 |
| 7:48 | Nigerian Farmer · wall_segment Unknown (4001) x1 |
| 7:48 | pattomi · wall_segment Unknown (4001) x3 |
| 7:48 | Wololoo · wall_segment Unknown (4001) x3 |
| 7:48 | pattomi · wall_segment Unknown (4001) x2 |
| 7:48 | Nigerian Farmer · wall_segment Unknown (4001) x1 |
| 7:48 | Wololoo · wall_segment Unknown (4001) x1 |
| 7:49 | Nigerian Farmer · wall_segment Unknown (4001) x1 |
| 7:49 | Wololoo · wall_segment Unknown (4001) x1 |
| 7:50 | Nigerian Farmer · wall_segment Unknown (4001) x1 |
| 7:50 | Wololoo · wall_segment Unknown (4001) x1 |
| 7:50 | Nigerian Farmer · wall_segment Unknown (4001) x1 |
| 7:50 | Nigerian Farmer · wall_segment Unknown (4001) x1 |
| 7:51 | pattomi · wall_segment Unknown (4001) x1 |
| 7:51 | Wololoo · wall_segment Unknown (4001) x2 |
| 7:51 | Nigerian Farmer · wall_segment Unknown (4001) x1 |
| 7:51 | Wololoo · wall_segment Unknown (4001) x1 |
| 7:52 | Nigerian Farmer · wall_segment Unknown (4001) x1 |
| 7:52 | Nigerian Farmer · wall_segment Unknown (4001) x1 |
| 7:52 | Wololoo · wall_segment Unknown (4001) x2 |
| 7:53 | Nigerian Farmer · wall_segment Unknown (4001) x1 |
| 7:53 | Wololoo · wall_segment Unknown (4001) x1 |
| 7:53 | Nigerian Farmer · wall_segment Unknown (4001) x1 |
| 7:54 | Nigerian Farmer · wall_segment Unknown (4001) x1 |
| 7:54 | Nigerian Farmer · wall_segment Unknown (4001) x1 |
| 7:55 | Wololoo · wall_segment Unknown (4001) x3 |
| 7:55 | Nigerian Farmer · wall_segment Unknown (4001) x1 |
| 7:55 | Nigerian Farmer · wall_segment Unknown (4001) x1 |
| 7:55 | Wololoo · wall_segment Unknown (4001) x1 |
| 7:56 | Wololoo · wall_segment Unknown (4001) x1 |
| 7:57 | Wololoo · wall_segment Unknown (4001) x1 |
| 7:58 | Wololoo · wall_segment Unknown (4001) x2 |
| 7:58 | Wololoo · wall_segment Unknown (4001) x1 |
| 7:59 | Wololoo · wall_segment Unknown (4001) x2 |
| 8:00 | Wololoo · wall_segment Unknown (4001) x1 |
| 8:01 | Wololoo · wall_segment Unknown (4001) x2 |
| 8:02 | Wololoo · wall_segment Unknown (4001) x1 |
| 8:02 | Wololoo · wall_segment Unknown (4001) x2 |
| 8:03 | Wololoo · wall_segment Unknown (4001) x1 |
| 8:04 | Wololoo · wall_segment Unknown (4001) x1 |
| 8:04 | DRAX · wall_segment Unknown (4001) x8 |
| 8:04 | Wololoo · wall_segment Unknown (4001) x1 |
| 8:05 | Wololoo · wall_segment Unknown (4001) x1 |
| 8:05 | pattomi · wall_segment Unknown (4001) x2 |
| 8:06 | Wololoo · wall_segment Unknown (4001) x1 |
| 8:07 | pattomi · wall_segment Unknown (4001) x1 |
| 8:07 | Wololoo · wall_segment Unknown (4001) x1 |
| 8:09 | Wololoo · wall_segment Unknown (4001) x1 |
| 8:09 | DRAX · wall_segment Unknown (4001) x6 |
| 8:11 | Wololoo · wall_segment Unknown (4001) x2 |
| 8:12 | Wololoo · wall_segment Unknown (4001) x2 |
| 8:12 | Nigerian Farmer · wall_segment Unknown (4001) x7 |
| 8:13 | Wololoo · wall_segment Unknown (4001) x2 |
| 8:15 | DRAX · wall_segment Unknown (4001) x8 |
| 8:17 | Wololoo · wall_segment Unknown (4001) x7 |
| 8:20 | Nigerian Farmer · wall_segment Unknown (4001) x7 |
| 8:24 | Nigerian Farmer · wall_segment Unknown (4001) x11 |
| 8:25 | DRAX · wall_segment Unknown (4001) x8 |
| 8:27 | Nigerian Farmer · wall_segment Unknown (4001) x21 |
| 8:29 | pattomi · wall_segment Unknown (4001) x37 |
| 8:31 | Nigerian Farmer · wall_segment Unknown (4001) x21 |
| 8:37 | sp0ton · wall_segment Unknown (4001) x10 |
| 8:37 | Wololoo · wall_segment Unknown (4001) x3 |
| 8:37 | Wololoo · wall_segment Unknown (4001) x1 |
| 8:38 | Wololoo · wall_segment Unknown (4001) x1 |
| 8:38 | Wololoo · wall_segment Unknown (4001) x1 |
| 8:39 | Wololoo · wall_segment Unknown (4001) x2 |
| 8:40 | Wololoo · wall_segment Unknown (4001) x1 |
| 8:40 | pattomi · wall_segment Unknown (4001) x3 |
| 8:41 | Wololoo · wall_segment Unknown (4001) x2 |
| 8:41 | pattomi · wall_segment Unknown (4001) x1 |
| 8:41 | Wololoo · wall_segment Unknown (4001) x1 |
| 8:42 | pattomi · wall_segment Unknown (4001) x1 |
| 8:42 | Wololoo · wall_segment Unknown (4001) x2 |
| 8:43 | pattomi · wall_segment Unknown (4001) x1 |
| 8:43 | Wololoo · wall_segment Unknown (4001) x1 |
| 8:43 | Wololoo · wall_segment Unknown (4001) x2 |
| 8:44 | pattomi · wall_segment Unknown (4001) x1 |
| 8:44 | sp0ton · wall_segment Unknown (4001) x10 |
| 8:44 | pattomi · wall_segment Unknown (4001) x1 |
| 8:44 | Wololoo · wall_segment Unknown (4001) x1 |
| 8:45 | pattomi · wall_segment Unknown (4001) x1 |
| 8:45 | Wololoo · wall_segment Unknown (4001) x3 |
| 8:46 | pattomi · wall_segment Unknown (4001) x1 |
| 8:46 | Wololoo · wall_segment Unknown (4001) x1 |
| 8:46 | pattomi · wall_segment Unknown (4001) x1 |
| 8:47 | Wololoo · wall_segment Unknown (4001) x4 |
| 8:47 | DRAX · first_building Stable |
| 8:47 | pattomi · wall_segment Unknown (4001) x1 |
| 8:47 | Wololoo · wall_segment Unknown (4001) x1 |
| 8:48 | pattomi · wall_segment Unknown (4001) x1 |
| 8:48 | Wololoo · wall_segment Unknown (4001) x1 |
| 8:48 | pattomi · wall_segment Unknown (4001) x1 |
| 8:49 | Wololoo · wall_segment Unknown (4001) x1 |
| 8:49 | pattomi · wall_segment Unknown (4001) x1 |
| 8:50 | DRAX · wall_segment Unknown (4001) x4 |
| 8:50 | Wololoo · wall_segment Unknown (4001) x2 |
| 8:50 | pattomi · wall_segment Unknown (4001) x1 |
| 8:50 | pattomi · wall_segment Unknown (4001) x1 |
| 8:50 | Wololoo · wall_segment Unknown (4001) x1 |
| 8:51 | pattomi · wall_segment Unknown (4001) x1 |
| 8:51 | Wololoo · wall_segment Unknown (4001) x2 |
| 8:52 | Wololoo · wall_segment Unknown (4001) x1 |
| 8:52 | DRAX · wall_segment Unknown (4001) x11 |
| 8:52 | pattomi · wall_segment Unknown (4001) x1 |
| 8:53 | Wololoo · wall_segment Unknown (4001) x2 |
| 8:53 | pattomi · wall_segment Unknown (4001) x1 |
| 8:53 | Wololoo · wall_segment Unknown (4001) x1 |
| 8:54 | pattomi · wall_segment Unknown (4001) x1 |
| 8:54 | Wololoo · wall_segment Unknown (4001) x2 |
| 8:55 | Wololoo · wall_segment Unknown (4001) x1 |
| 8:55 | pattomi · wall_segment Unknown (4001) x1 |
| 8:55 | sp0ton · wall_segment Unknown (4001) x10 |
| 8:56 | pattomi · wall_segment Unknown (4001) x1 |
| 8:56 | Wololoo · wall_segment Unknown (4001) x2 |
| 8:56 | pattomi · wall_segment Unknown (4001) x1 |
| 8:56 | Wololoo · wall_segment Unknown (4001) x1 |
| 8:57 | pattomi · wall_segment Unknown (4001) x1 |
| 8:57 | Wololoo · wall_segment Unknown (4001) x2 |
| 8:58 | Wololoo · wall_segment Unknown (4001) x1 |
| 8:58 | pattomi · wall_segment Unknown (4001) x1 |
| 8:59 | pattomi · wall_segment Unknown (4001) x1 |
| 8:59 | Wololoo · wall_segment Unknown (4001) x2 |
| 8:59 | Wololoo · wall_segment Unknown (4001) x1 |
| 9:00 | DRAX · wall_segment Unknown (4001) x11 |
| 9:00 | pattomi · wall_segment Unknown (4001) x1 |
| 9:00 | Wololoo · wall_segment Unknown (4001) x2 |
| 9:00 | pattomi · wall_segment Unknown (4001) x1 |
| 9:01 | pattomi · wall_segment Unknown (4001) x1 |
| 9:02 | pattomi · wall_segment Unknown (4001) x1 |
| 9:02 | Wololoo · wall_segment Unknown (4001) x1 |
| 9:03 | Nigerian Farmer · wall_segment Unknown (4001) x1 |
| 9:03 | Wololoo · wall_segment Unknown (4001) x2 |
| 9:04 | Nigerian Farmer · wall_segment Unknown (4001) x1 |
| 9:04 | Wololoo · wall_segment Unknown (4001) x1 |
| 9:04 | Nigerian Farmer · wall_segment Unknown (4001) x1 |
| 9:05 | Nigerian Farmer · wall_segment Unknown (4001) x1 |
| 9:05 | Wololoo · wall_segment Unknown (4001) x2 |
| 9:05 | Nigerian Farmer · wall_segment Unknown (4001) x1 |
| 9:06 | Nigerian Farmer · wall_segment Unknown (4001) x1 |
| 9:06 | Wololoo · wall_segment Unknown (4001) x1 |
| 9:06 | Nigerian Farmer · wall_segment Unknown (4001) x1 |
| 9:07 | Nigerian Farmer · wall_segment Unknown (4001) x1 |
| 9:08 | Nigerian Farmer · wall_segment Unknown (4001) x1 |
| 9:08 | Wololoo · wall_segment Unknown (4001) x2 |
| 9:08 | Nigerian Farmer · wall_segment Unknown (4001) x1 |
| 9:08 | Wololoo · wall_segment Unknown (4001) x1 |
| 9:09 | Nigerian Farmer · wall_segment Unknown (4001) x1 |
| 9:09 | Wololoo · wall_segment Unknown (4001) x2 |
| 9:10 | sp0ton · wall_segment Unknown (4001) x3 |
| 9:10 | Nigerian Farmer · wall_segment Unknown (4001) x1 |
| 9:10 | Wololoo · wall_segment Unknown (4001) x1 |
| 9:10 | Nigerian Farmer · wall_segment Unknown (4001) x1 |
| 9:11 | Nigerian Farmer · wall_segment Unknown (4001) x1 |
| 9:11 | Wololoo · wall_segment Unknown (4001) x1 |
| 9:11 | Nigerian Farmer · wall_segment Unknown (4001) x1 |
| 9:12 | DRAX · wall_segment Unknown (4001) x11 |
| 9:12 | Nigerian Farmer · wall_segment Unknown (4001) x1 |
| 9:12 | sp0ton · wall_segment Unknown (4001) x7 |
| 9:12 | Nigerian Farmer · wall_segment Unknown (4001) x1 |
| 9:13 | Nigerian Farmer · wall_segment Unknown (4001) x1 |
| 9:14 | Nigerian Farmer · wall_segment Unknown (4001) x1 |
| 9:14 | Wololoo · wall_segment Unknown (4001) x2 |
| 9:14 | Nigerian Farmer · wall_segment Unknown (4001) x1 |
| 9:14 | Wololoo · wall_segment Unknown (4001) x1 |
| 9:15 | Nigerian Farmer · wall_segment Unknown (4001) x1 |
| 9:15 | Wololoo · wall_segment Unknown (4001) x1 |
| 9:15 | Nigerian Farmer · wall_segment Unknown (4001) x1 |
| 9:15 | pattomi · wall_segment Unknown (4001) x3 |
| 9:16 | DRAX · wall_segment Unknown (4001) x3 |
| 9:16 | Nigerian Farmer · wall_segment Unknown (4001) x1 |
| 9:16 | Wololoo · wall_segment Unknown (4001) x1 |
| 9:16 | pattomi · wall_segment Unknown (4001) x1 |
| 9:16 | Nigerian Farmer · wall_segment Unknown (4001) x1 |
| 9:17 | DRAX · wall_segment Unknown (4001) x1 |
| 9:17 | pattomi · wall_segment Unknown (4001) x1 |
| 9:17 | Wololoo · wall_segment Unknown (4001) x2 |
| 9:17 | Nigerian Farmer · wall_segment Unknown (4001) x1 |
| 9:17 | DRAX · wall_segment Unknown (4001) x1 |
| 9:17 | pattomi · wall_segment Unknown (4001) x1 |
| 9:18 | Nigerian Farmer · wall_segment Unknown (4001) x1 |
| 9:18 | Wololoo · wall_segment Unknown (4001) x1 |
| 9:18 | DRAX · wall_segment Unknown (4001) x1 |
| 9:18 | Nigerian Farmer · wall_segment Unknown (4001) x1 |
| 9:18 | pattomi · wall_segment Unknown (4001) x1 |
| 9:18 | Wololoo · wall_segment Unknown (4001) x2 |
| 9:19 | DRAX · wall_segment Unknown (4001) x1 |
| 9:19 | Nigerian Farmer · wall_segment Unknown (4001) x1 |
| 9:19 | Wololoo · wall_segment Unknown (4001) x1 |
| 9:19 | DRAX · wall_segment Unknown (4001) x1 |
| 9:19 | Nigerian Farmer · wall_segment Unknown (4001) x1 |
| 9:19 | pattomi · wall_segment Unknown (4001) x1 |
| 9:20 | DRAX · wall_segment Unknown (4001) x1 |
| 9:20 | Nigerian Farmer · wall_segment Unknown (4001) x1 |
| 9:20 | pattomi · wall_segment Unknown (4001) x1 |
| 9:20 | Wololoo · wall_segment Unknown (4001) x2 |
| 9:20 | Nigerian Farmer · wall_segment Unknown (4001) x1 |
| 9:21 | DRAX · wall_segment Unknown (4001) x1 |
| 9:21 | Wololoo · wall_segment Unknown (4001) x1 |
| 9:21 | Nigerian Farmer · wall_segment Unknown (4001) x1 |
| 9:21 | pattomi · wall_segment Unknown (4001) x1 |
| 9:21 | DRAX · wall_segment Unknown (4001) x1 |
| 9:21 | pattomi · wall_segment Unknown (4001) x1 |
| 9:21 | Wololoo · wall_segment Unknown (4001) x2 |
| 9:22 | Nigerian Farmer · wall_segment Unknown (4001) x1 |
| 9:22 | Nigerian Farmer · wall_segment Unknown (4001) x1 |
| 9:22 | pattomi · wall_segment Unknown (4001) x1 |
| 9:23 | Nigerian Farmer · wall_segment Unknown (4001) x1 |
| 9:23 | pattomi · wall_segment Unknown (4001) x1 |
| 9:23 | Nigerian Farmer · wall_segment Unknown (4001) x1 |
| 9:23 | Wololoo · wall_segment Unknown (4001) x1 |
| 9:24 | pattomi · wall_segment Unknown (4001) x1 |
| 9:24 | Nigerian Farmer · wall_segment Unknown (4001) x1 |
| 9:24 | Nigerian Farmer · wall_segment Unknown (4001) x1 |
| 9:24 | pattomi · wall_segment Unknown (4001) x1 |
| 9:24 | Wololoo · wall_segment Unknown (4001) x2 |
| 9:25 | sp0ton · wall_segment Unknown (4001) x5 |
| 9:25 | Nigerian Farmer · wall_segment Unknown (4001) x1 |
| 9:25 | Wololoo · wall_segment Unknown (4001) x1 |
| 9:25 | pattomi · wall_segment Unknown (4001) x1 |
| 9:26 | Nigerian Farmer · wall_segment Unknown (4001) x1 |
| 9:26 | pattomi · wall_segment Unknown (4001) x1 |
| 9:26 | Nigerian Farmer · wall_segment Unknown (4001) x1 |
| 9:26 | pattomi · wall_segment Unknown (4001) x1 |
| 9:27 | Nigerian Farmer · wall_segment Unknown (4001) x1 |
| 9:27 | Wololoo · wall_segment Unknown (4001) x9 |
| 9:27 | Nigerian Farmer · wall_segment Unknown (4001) x1 |
| 9:28 | pattomi · wall_segment Unknown (4001) x1 |
| 9:28 | Nigerian Farmer · wall_segment Unknown (4001) x1 |
| 9:29 | Nigerian Farmer · wall_segment Unknown (4001) x1 |
| 9:29 | pattomi · wall_segment Unknown (4001) x1 |
| 9:29 | Wololoo · wall_segment Unknown (4001) x3 |
| 9:29 | Nigerian Farmer · wall_segment Unknown (4001) x1 |
| 9:29 | pattomi · wall_segment Unknown (4001) x1 |
| 9:29 | Wololoo · wall_segment Unknown (4001) x1 |
| 9:30 | Nigerian Farmer · wall_segment Unknown (4001) x1 |
| 9:30 | sp0ton · wall_segment Unknown (4001) x4 |
| 9:30 | pattomi · wall_segment Unknown (4001) x1 |
| 9:30 | Wololoo · wall_segment Unknown (4001) x1 |
| 9:30 | Nigerian Farmer · wall_segment Unknown (4001) x1 |
| 9:31 | pattomi · wall_segment Unknown (4001) x1 |
| 9:31 | Nigerian Farmer · wall_segment Unknown (4001) x1 |
| 9:31 | pattomi · wall_segment Unknown (4001) x1 |
| 9:31 | Nigerian Farmer · wall_segment Unknown (4001) x1 |
| 9:31 | Wololoo · wall_segment Unknown (4001) x1 |
| 9:32 | pattomi · wall_segment Unknown (4001) x1 |
| 9:32 | Wololoo · wall_segment Unknown (4001) x2 |
| 9:33 | DRAX · wall_segment Unknown (4001) x1 |
| 9:33 | pattomi · wall_segment Unknown (4001) x1 |
| 9:33 | Wololoo · wall_segment Unknown (4001) x1 |
| 9:33 | DRAX · wall_segment Unknown (4001) x1 |
| 9:33 | pattomi · wall_segment Unknown (4001) x2 |
| 9:34 | DRAX · wall_segment Unknown (4001) x1 |
| 9:34 | pattomi · wall_segment Unknown (4001) x1 |
| 9:34 | Wololoo · wall_segment Unknown (4001) x1 |
| 9:34 | sp0ton · wall_segment Unknown (4001) x16 |
| 9:34 | pattomi · wall_segment Unknown (4001) x1 |
| 9:35 | DRAX · wall_segment Unknown (4001) x1 |
| 9:35 | Nigerian Farmer · wall_segment Unknown (4001) x1 |
| 9:35 | Wololoo · wall_segment Unknown (4001) x2 |
| 9:35 | DRAX · wall_segment Unknown (4001) x1 |
| 9:36 | pattomi · wall_segment Unknown (4001) x1 |
| 9:36 | Wololoo · wall_segment Unknown (4001) x1 |
| 9:36 | DRAX · wall_segment Unknown (4001) x1 |
| 9:36 | DRAX · wall_segment Unknown (4001) x1 |
| 9:36 | pattomi · wall_segment Unknown (4001) x1 |
| 9:37 | pattomi · wall_segment Unknown (4001) x1 |
| 9:37 | DRAX · wall_segment Unknown (4001) x1 |
| 9:37 | pattomi · wall_segment Unknown (4001) x1 |
| 9:38 | DRAX · wall_segment Unknown (4001) x1 |
| 9:39 | DRAX · wall_segment Unknown (4001) x1 |
| 9:39 | DRAX · wall_segment Unknown (4001) x1 |
| 9:40 | DRAX · wall_segment Unknown (4001) x1 |
| 9:41 | DRAX · wall_segment Unknown (4001) x1 |
| 9:41 | DRAX · wall_segment Unknown (4001) x1 |
| 9:42 | DRAX · wall_segment Unknown (4001) x1 |
| 9:43 | DRAX · wall_segment Unknown (4001) x1 |
| 9:44 | DRAX · wall_segment Unknown (4001) x1 |
| 9:44 | DRAX · wall_segment Unknown (4001) x1 |
| 9:45 | DRAX · wall_segment Unknown (4001) x1 |
| 9:45 | sp0ton · wall_segment Unknown (4001) x15 |
| 9:46 | DRAX · wall_segment Unknown (4001) x1 |
| 9:48 | Wololoo · wall_segment Unknown (4001) x1 |
| 9:48 | Wololoo · wall_segment Unknown (4001) x1 |
| 9:49 | pattomi · wall_segment Unknown (4001) x3 |
| 9:50 | pattomi · wall_segment Unknown (4001) x1 |
| 9:50 | Wololoo · wall_segment Unknown (4001) x1 |
| 9:51 | DRAX · wall_segment Unknown (4001) x13 |
| 9:51 | pattomi · wall_segment Unknown (4001) x2 |
| 9:51 | Wololoo · wall_segment Unknown (4001) x2 |
| 9:52 | pattomi · wall_segment Unknown (4001) x1 |
| 9:53 | pattomi · wall_segment Unknown (4001) x1 |
| 9:53 | pattomi · wall_segment Unknown (4001) x1 |
| 9:54 | pattomi · wall_segment Unknown (4001) x1 |
| 9:55 | pattomi · wall_segment Unknown (4001) x1 |
| 9:55 | pattomi · wall_segment Unknown (4001) x1 |
| 9:57 | pattomi · wall_segment Unknown (4001) x1 |
| 9:57 | pattomi · wall_segment Unknown (4001) x1 |
| 9:58 | pattomi · wall_segment Unknown (4001) x1 |
| 9:58 | sp0ton · wall_segment Unknown (4001) x3 |
| 9:58 | Wololoo · wall_segment Unknown (4001) x1 |
| 9:59 | pattomi · wall_segment Unknown (4001) x1 |
| 9:59 | Wololoo · wall_segment Unknown (4001) x2 |
| 10:00 | Wololoo · wall_segment Unknown (4001) x1 |
| 10:01 | Wololoo · wall_segment Unknown (4001) x2 |
| 10:02 | Wololoo · wall_segment Unknown (4001) x1 |
| 10:02 | pattomi · wall_segment Unknown (4001) x24 |
| 10:03 | Wololoo · wall_segment Unknown (4001) x3 |
| 10:07 | DRAX · wall_segment Unknown (4001) x15 |
| 10:08 | sp0ton · wall_segment Unknown (4001) x18 |
| 10:28 | DRAX · wall_segment Unknown (4001) x8 |
| 10:28 | sp0ton · wall_segment Unknown (4001) x18 |
| 10:35 | Nigerian Farmer · wall_segment Unknown (4001) x4 |
| 10:37 | Nigerian Farmer · wall_segment Unknown (4001) x4 |
| 10:38 | Nigerian Farmer · wall_segment Unknown (4001) x4 |
| 10:39 | Nigerian Farmer · wall_segment Unknown (4001) x2 |
| 10:40 | Nigerian Farmer · wall_segment Unknown (4001) x1 |
| 10:41 | Nigerian Farmer · wall_segment Unknown (4001) x3 |
| 10:42 | DRAX · wall_segment Unknown (4001) x10 |
| 10:42 | Nigerian Farmer · wall_segment Unknown (4001) x2 |
| 10:45 | DRAX · wall_segment Unknown (4001) x4 |
| 10:45 | Nigerian Farmer · wall_segment Unknown (4001) x4 |
| 10:45 | pattomi · wall_segment Unknown (4001) x3 |
| 10:46 | pattomi · wall_segment Unknown (4001) x1 |
| 10:47 | pattomi · wall_segment Unknown (4001) x1 |
| 10:48 | Nigerian Farmer · wall_segment Unknown (4001) x2 |
| 10:48 | pattomi · wall_segment Unknown (4001) x1 |
| 10:49 | DRAX · wall_segment Unknown (4001) x3 |
| 10:49 | pattomi · wall_segment Unknown (4001) x1 |
| 10:49 | pattomi · wall_segment Unknown (4001) x1 |
| 10:50 | DRAX · wall_segment Unknown (4001) x1 |
| 10:50 | pattomi · wall_segment Unknown (4001) x1 |
| 10:50 | DRAX · wall_segment Unknown (4001) x1 |
| 10:51 | pattomi · wall_segment Unknown (4001) x1 |
| 10:51 | DRAX · wall_segment Unknown (4001) x1 |
| 10:52 | DRAX · wall_segment Unknown (4001) x1 |
| 10:52 | pattomi · wall_segment Unknown (4001) x1 |
| 10:52 | DRAX · wall_segment Unknown (4001) x1 |
| 10:52 | pattomi · wall_segment Unknown (4001) x1 |
| 10:53 | pattomi · wall_segment Unknown (4001) x1 |
| 10:54 | DRAX · wall_segment Unknown (4001) x1 |
| 10:54 | pattomi · wall_segment Unknown (4001) x1 |
| 10:54 | DRAX · wall_segment Unknown (4001) x1 |
| 10:55 | pattomi · wall_segment Unknown (4001) x1 |
| 10:55 | DRAX · wall_segment Unknown (4001) x1 |
| 10:56 | sp0ton · wall_segment Unknown (4001) x11 |
| 10:56 | DRAX · wall_segment Unknown (4001) x1 |
| 10:57 | DRAX · wall_segment Unknown (4001) x1 |
| 10:57 | DRAX · wall_segment Unknown (4001) x1 |
| 10:58 | DRAX · wall_segment Unknown (4001) x1 |
| 10:59 | DRAX · wall_segment Unknown (4001) x1 |
| 10:59 | DRAX · wall_segment Unknown (4001) x1 |
| 11:00 | DRAX · wall_segment Unknown (4001) x1 |
| 11:02 | sp0ton · wall_segment Unknown (4001) x11 |
| 11:03 | DRAX · wall_segment Unknown (4001) x6 |
| 11:04 | sp0ton · wall_segment Unknown (4001) x11 |
| 11:07 | DRAX · wall_segment Unknown (4001) x8 |
| 11:10 | sp0ton · wall_segment Unknown (4001) x29 |
| 11:13 | sp0ton · wall_segment Unknown (4001) x29 |
| 11:18 | Nigerian Farmer · wall_segment Unknown (4001) x9 |
| 11:20 | Nigerian Farmer · wall_segment Unknown (4001) x9 |
| 11:23 | Nigerian Farmer · wall_segment Unknown (4001) x9 |
| 11:24 | Nigerian Farmer · wall_segment Unknown (4001) x9 |
| 11:26 | DRAX · first_building Archery Range |
| 11:26 | Nigerian Farmer · wall_segment Unknown (4001) x9 |
| 11:28 | Nigerian Farmer · wall_segment Unknown (4001) x9 |
| 11:35 | pattomi · wall_segment Unknown (4001) x1 |
| 11:36 | DRAX · wall_segment Unknown (4001) x1 |
| 11:37 | DRAX · wall_segment Unknown (4001) x1 |
| 11:37 | pattomi · wall_segment Unknown (4001) x5 |
| 11:39 | DRAX · wall_segment Unknown (4001) x3 |
| 11:40 | DRAX · wall_segment Unknown (4001) x7 |
| 11:42 | pattomi · wall_segment Unknown (4001) x30 |
| 11:50 | pattomi · wall_segment Unknown (4001) x36 |
| 11:52 | pattomi · wall_segment Unknown (4001) x18 |
| 11:52 | DRAX · wall_segment Unknown (4001) x7 |
| 11:54 | pattomi · wall_segment Unknown (4001) x4 |
| 11:54 | pattomi · wall_segment Unknown (4001) x1 |
| 11:55 | DRAX · wall_segment Unknown (4001) x4 |
| 11:55 | pattomi · wall_segment Unknown (4001) x1 |
| 11:56 | pattomi · wall_segment Unknown (4001) x1 |
| 11:56 | DRAX · wall_segment Unknown (4001) x1 |
| 11:57 | pattomi · wall_segment Unknown (4001) x1 |
| 11:57 | DRAX · wall_segment Unknown (4001) x1 |
| 11:58 | DRAX · wall_segment Unknown (4001) x1 |
| 11:59 | DRAX · wall_segment Unknown (4001) x2 |
| 11:59 | pattomi · wall_segment Unknown (4001) x1 |
| 11:59 | DRAX · wall_segment Unknown (4001) x1 |
| 12:00 | pattomi · wall_segment Unknown (4001) x1 |
| 12:00 | DRAX · wall_segment Unknown (4001) x1 |
| 12:00 | pattomi · wall_segment Unknown (4001) x1 |
| 12:01 | pattomi · wall_segment Unknown (4001) x1 |
| 12:02 | pattomi · wall_segment Unknown (4001) x1 |
| 12:05 | DRAX · wall_segment Unknown (4001) x1 |
| 12:06 | DRAX · wall_segment Unknown (4001) x1 |
| 12:07 | Nigerian Farmer · wall_segment Unknown (4001) x1 |
| 12:07 | DRAX · wall_segment Unknown (4001) x4 |
| 12:07 | Nigerian Farmer · wall_segment Unknown (4001) x1 |
| 12:08 | Nigerian Farmer · wall_segment Unknown (4001) x1 |
| 12:08 | Nigerian Farmer · wall_segment Unknown (4001) x1 |
| 12:09 | Nigerian Farmer · wall_segment Unknown (4001) x1 |
| 12:10 | Nigerian Farmer · wall_segment Unknown (4001) x1 |
| 12:10 | DRAX · wall_segment Unknown (4001) x4 |
| 12:10 | Nigerian Farmer · wall_segment Unknown (4001) x1 |
| 12:11 | Nigerian Farmer · wall_segment Unknown (4001) x1 |
| 12:12 | DRAX · wall_segment Unknown (4001) x3 |
| 12:15 | DRAX · wall_segment Unknown (4001) x7 |
| 12:18 | sp0ton · wall_segment Unknown (4001) x29 |
| 12:18 | Nigerian Farmer · wall_segment Unknown (4001) x1 |
| 12:18 | Nigerian Farmer · wall_segment Unknown (4001) x1 |
| 12:19 | Nigerian Farmer · wall_segment Unknown (4001) x1 |
| 12:20 | Nigerian Farmer · wall_segment Unknown (4001) x1 |
| 12:20 | Nigerian Farmer · wall_segment Unknown (4001) x1 |
| 12:21 | Nigerian Farmer · wall_segment Unknown (4001) x1 |
| 12:21 | sp0ton · wall_segment Unknown (4001) x48 |
| 12:21 | Wololoo · wall_segment Unknown (4001) x1 |
| 12:22 | Nigerian Farmer · wall_segment Unknown (4001) x1 |
| 12:22 | Wololoo · wall_segment Unknown (4001) x1 |
| 12:23 | Wololoo · wall_segment Unknown (4001) x1 |
| 12:24 | Wololoo · wall_segment Unknown (4001) x2 |
| 12:25 | DRAX · wall_segment Unknown (4001) x9 |
| 12:25 | Wololoo · wall_segment Unknown (4001) x1 |
| 12:26 | sp0ton · wall_segment Unknown (4001) x48 |
| 12:26 | Wololoo · wall_segment Unknown (4001) x1 |
| 12:29 | sp0ton · wall_segment Unknown (4001) x48 |
| 12:33 | sp0ton · wall_segment Unknown (4001) x48 |
| 12:35 | Nigerian Farmer · wall_segment Unknown (4001) x1 |
| 12:36 | Nigerian Farmer · wall_segment Unknown (4001) x1 |
| 12:37 | Nigerian Farmer · wall_segment Unknown (4001) x1 |
| 12:37 | sp0ton · wall_segment Unknown (4001) x52 |
| 12:38 | Nigerian Farmer · wall_segment Unknown (4001) x1 |
| 12:39 | DRAX · wall_segment Unknown (4001) x2 |
| 12:40 | Nigerian Farmer · wall_segment Unknown (4001) x1 |
| 12:40 | Nigerian Farmer · wall_segment Unknown (4001) x1 |
| 12:42 | DRAX · wall_segment Unknown (4001) x16 |
| 12:42 | Nigerian Farmer · wall_segment Unknown (4001) x1 |
| 12:42 | Wololoo · wall_segment Unknown (4001) x5 |
| 12:43 | Nigerian Farmer · wall_segment Unknown (4001) x1 |
| 12:44 | Nigerian Farmer · wall_segment Unknown (4001) x1 |
| 12:44 | Wololoo · wall_segment Unknown (4001) x5 |
| 12:46 | Wololoo · wall_segment Unknown (4001) x1 |
| 12:47 | Wololoo · wall_segment Unknown (4001) x5 |
| 12:48 | Nigerian Farmer · wall_segment Unknown (4001) x3 |
| 12:50 | Nigerian Farmer · wall_segment Unknown (4001) x7 |
| 12:53 | Nigerian Farmer · wall_segment Unknown (4001) x8 |
| 12:54 | Nigerian Farmer · wall_segment Unknown (4001) x5 |
| 12:56 | Nigerian Farmer · wall_segment Unknown (4001) x6 |
| 12:58 | Nigerian Farmer · wall_segment Unknown (4001) x9 |
| 13:03 | DRAX · wall_segment Unknown (4001) x9 |
| 13:06 | pattomi · wall_segment Unknown (4001) x1 |
| 13:07 | pattomi · wall_segment Unknown (4001) x1 |
| 13:08 | pattomi · wall_segment Unknown (4001) x1 |
| 13:09 | pattomi · wall_segment Unknown (4001) x1 |
| 13:10 | pattomi · wall_segment Unknown (4001) x1 |
| 13:10 | Wololoo · wall_segment Unknown (4001) x5 |
| 13:10 | pattomi · wall_segment Unknown (4001) x1 |
| 13:11 | pattomi · wall_segment Unknown (4001) x1 |
| 13:12 | pattomi · wall_segment Unknown (4001) x1 |
| 13:12 | Wololoo · wall_segment Unknown (4001) x5 |
| 13:12 | pattomi · wall_segment Unknown (4001) x1 |
| 13:13 | pattomi · wall_segment Unknown (4001) x1 |
| 13:14 | pattomi · wall_segment Unknown (4001) x1 |
| 13:14 | pattomi · wall_segment Unknown (4001) x1 |
| 13:15 | pattomi · wall_segment Unknown (4001) x1 |
| 13:16 | pattomi · wall_segment Unknown (4001) x1 |
| 13:17 | pattomi · wall_segment Unknown (4001) x1 |
| 13:17 | pattomi · wall_segment Unknown (4001) x1 |
| 13:18 | pattomi · wall_segment Unknown (4001) x1 |
| 13:19 | pattomi · wall_segment Unknown (4001) x1 |
| 13:19 | pattomi · wall_segment Unknown (4001) x1 |
| 13:20 | pattomi · wall_segment Unknown (4001) x1 |
| 13:21 | pattomi · wall_segment Unknown (4001) x1 |
| 13:21 | pattomi · wall_segment Unknown (4001) x1 |
| 13:22 | pattomi · wall_segment Unknown (4001) x1 |
| 13:22 | Wololoo · wall_segment Unknown (4001) x5 |
| 13:23 | pattomi · wall_segment Unknown (4001) x1 |
| 13:24 | pattomi · wall_segment Unknown (4001) x1 |
| 13:24 | pattomi · wall_segment Unknown (4001) x1 |
| 13:24 | Wololoo · wall_segment Unknown (4001) x5 |
| 13:25 | pattomi · wall_segment Unknown (4001) x1 |
| 13:26 | pattomi · wall_segment Unknown (4001) x1 |
| 13:26 | Wololoo · wall_segment Unknown (4001) x5 |
| 13:26 | pattomi · wall_segment Unknown (4001) x1 |
| 13:27 | pattomi · wall_segment Unknown (4001) x1 |
| 13:29 | pattomi · wall_segment Unknown (4001) x4 |
| 13:31 | pattomi · wall_segment Unknown (4001) x4 |
| 13:34 | pattomi · wall_segment Unknown (4001) x4 |
| 13:36 | Wololoo · wall_segment Unknown (4001) x5 |
| 13:37 | pattomi · wall_segment Unknown (4001) x17 |
| 13:39 | pattomi · wall_segment Unknown (4001) x4 |
| 13:40 | pattomi · wall_segment Unknown (4001) x1 |
| 13:40 | pattomi · wall_segment Unknown (4001) x1 |
| 13:41 | pattomi · wall_segment Unknown (4001) x1 |
| 13:42 | Nigerian Farmer · wall_segment Unknown (4013) x4 |
| 13:42 | pattomi · wall_segment Unknown (4001) x1 |
| 13:43 | pattomi · wall_segment Unknown (4001) x1 |
| 13:44 | pattomi · wall_segment Unknown (4001) x1 |
| 13:44 | Nigerian Farmer · wall_segment Unknown (4013) x5 |
| 13:44 | pattomi · wall_segment Unknown (4001) x1 |
| 13:45 | pattomi · wall_segment Unknown (4001) x1 |
| 13:46 | Nigerian Farmer · wall_segment Unknown (4013) x4 |
| 13:46 | pattomi · wall_segment Unknown (4001) x1 |
| 13:47 | pattomi · wall_segment Unknown (4001) x1 |
| 13:47 | DRAX · wall_segment Unknown (4001) x5 |
| 13:47 | pattomi · wall_segment Unknown (4001) x1 |
| 13:48 | pattomi · wall_segment Unknown (4001) x1 |
| 13:48 | pattomi · wall_segment Unknown (4001) x1 |
| 13:49 | pattomi · wall_segment Unknown (4001) x1 |
| 13:50 | pattomi · wall_segment Unknown (4001) x1 |
| 13:50 | pattomi · wall_segment Unknown (4001) x1 |
| 13:51 | pattomi · wall_segment Unknown (4001) x1 |
| 13:51 | pattomi · wall_segment Unknown (4001) x1 |
| 13:52 | Nigerian Farmer · wall_segment Unknown (4013) x12 |
| 13:52 | pattomi · wall_segment Unknown (4001) x1 |
| 13:53 | pattomi · wall_segment Unknown (4001) x1 |
| 13:53 | pattomi · wall_segment Unknown (4001) x1 |
| 13:54 | DRAX · wall_segment Unknown (4001) x4 |
| 13:54 | pattomi · wall_segment Unknown (4001) x1 |
| 13:55 | pattomi · wall_segment Unknown (4001) x1 |
| 13:55 | pattomi · wall_segment Unknown (4001) x1 |
| 13:55 | Wololoo · wall_segment Unknown (4001) x3 |
| 13:56 | pattomi · wall_segment Unknown (4001) x1 |
| 13:56 | pattomi · wall_segment Unknown (4001) x1 |
| 13:57 | pattomi · wall_segment Unknown (4001) x1 |
| 13:57 | pattomi · wall_segment Unknown (4001) x1 |
| 13:58 | pattomi · wall_segment Unknown (4001) x1 |
| 13:59 | pattomi · wall_segment Unknown (4001) x1 |
| 13:59 | pattomi · wall_segment Unknown (4001) x1 |
| 14:00 | pattomi · wall_segment Unknown (4001) x1 |
| 14:00 | pattomi · wall_segment Unknown (4001) x1 |
| 14:01 | pattomi · wall_segment Unknown (4001) x1 |
| 14:01 | pattomi · wall_segment Unknown (4001) x1 |
| 14:02 | Wololoo · wall_segment Unknown (4001) x8 |
| 14:03 | pattomi · wall_segment Unknown (4001) x4 |
| 14:06 | pattomi · wall_segment Unknown (4001) x5 |
| 14:06 | Nigerian Farmer · wall_segment Unknown (4013) x10 |
| 14:08 | pattomi · wall_segment Unknown (4001) x5 |
| 14:10 | Wololoo · wall_segment Unknown (4001) x7 |
| 14:11 | pattomi · wall_segment Unknown (4001) x17 |
| 14:15 | pattomi · wall_segment Unknown (4001) x3 |
| 14:16 | pattomi · wall_segment Unknown (4001) x1 |
| 14:17 | pattomi · wall_segment Unknown (4001) x1 |
| 14:17 | Wololoo · wall_segment Unknown (4001) x7 |
| 14:18 | pattomi · wall_segment Unknown (4001) x1 |
| 14:18 | pattomi · wall_segment Unknown (4001) x1 |
| 14:19 | pattomi · wall_segment Unknown (4001) x1 |
| 14:20 | pattomi · wall_segment Unknown (4001) x1 |
| 14:21 | pattomi · wall_segment Unknown (4001) x1 |
| 14:21 | pattomi · wall_segment Unknown (4001) x1 |
| 14:22 | pattomi · wall_segment Unknown (4001) x1 |
| 14:22 | pattomi · wall_segment Unknown (4001) x1 |
| 14:23 | pattomi · wall_segment Unknown (4001) x1 |
| 14:23 | Nigerian Farmer · wall_segment Unknown (4013) x1 |
| 14:23 | pattomi · wall_segment Unknown (4001) x1 |
| 14:23 | Wololoo · wall_segment Unknown (4001) x6 |
| 14:24 | pattomi · wall_segment Unknown (4001) x1 |
| 14:24 | pattomi · wall_segment Unknown (4001) x1 |
| 14:25 | pattomi · wall_segment Unknown (4001) x1 |
| 14:26 | pattomi · wall_segment Unknown (4001) x1 |
| 14:26 | Nigerian Farmer · wall_segment Unknown (4013) x11 |
| 14:26 | pattomi · wall_segment Unknown (4001) x1 |
| 14:27 | pattomi · wall_segment Unknown (4001) x1 |
| 14:27 | pattomi · wall_segment Unknown (4001) x1 |
| 14:28 | pattomi · wall_segment Unknown (4001) x2 |
| 14:28 | pattomi · wall_segment Unknown (4001) x1 |
| 14:29 | pattomi · wall_segment Unknown (4001) x1 |
| 14:30 | pattomi · wall_segment Unknown (4001) x1 |
| 14:31 | pattomi · wall_segment Unknown (4001) x1 |
| 14:31 | pattomi · wall_segment Unknown (4001) x1 |
| 14:32 | pattomi · wall_segment Unknown (4001) x1 |
| 14:32 | Wololoo · wall_segment Unknown (4001) x4 |
| 14:32 | pattomi · wall_segment Unknown (4001) x2 |
| 14:34 | pattomi · wall_segment Unknown (4001) x1 |
| 14:35 | Nigerian Farmer · wall_segment Unknown (4013) x11 |
| 14:35 | pattomi · wall_segment Unknown (4001) x1 |
| 14:35 | pattomi · wall_segment Unknown (4001) x1 |
| 14:36 | pattomi · wall_segment Unknown (4001) x1 |
| 14:37 | pattomi · wall_segment Unknown (4001) x1 |
| 14:41 | Nigerian Farmer · wall_segment Unknown (4013) x7 |
| 14:43 | Wololoo · wall_segment Unknown (4001) x5 |
| 14:49 | Wololoo · wall_segment Unknown (4001) x16 |
| 14:50 | DRAX · wall_segment Unknown (4001) x9 |
| 14:57 | Nigerian Farmer · wall_segment Unknown (4013) x10 |
| 14:57 | DRAX · wall_segment Unknown (4001) x2 |
| 14:58 | DRAX · wall_segment Unknown (4001) x3 |
| 15:02 | DRAX · wall_segment Unknown (4001) x7 |
| 15:05 | Nigerian Farmer · wall_segment Unknown (4013) x11 |
| 15:08 | Wololoo · wall_segment Unknown (4001) x14 |
| 15:13 | Wololoo · wall_segment Unknown (4001) x1 |
| 15:19 | Nigerian Farmer · wall_segment Unknown (4001) x6 |
| 15:20 | Wololoo · wall_segment Unknown (4001) x1 |
| 15:24 | Nigerian Farmer · wall_segment Unknown (4001) x6 |
| 15:38 | Wololoo · wall_segment Unknown (4001) x1 |
| 15:41 | Nigerian Farmer · wall_segment Unknown (4001) x5 |
| 15:41 | Wololoo · wall_segment Unknown (4001) x6 |
| 15:45 | Wololoo · first_building Stable |
| 15:47 | pattomi · wall_segment Unknown (4001) x1 |
| 15:48 | Nigerian Farmer · wall_segment Unknown (4019) x2 |
| 15:49 | Wololoo · wall_segment Unknown (4001) x4 |
| 15:49 | Nigerian Farmer · wall_segment Unknown (4019) x5 |
| 15:53 | pattomi · wall_segment Unknown (4001) x5 |
| 15:55 | pattomi · wall_segment Unknown (4001) x6 |
| 15:57 | pattomi · wall_segment Unknown (4001) x1 |
| 15:59 | pattomi · wall_segment Unknown (4001) x5 |
| 15:59 | Nigerian Farmer · wall_segment Unknown (4019) x4 |
| 15:59 | Wololoo · wall_segment Unknown (4001) x3 |
| 16:03 | Wololoo · wall_segment Unknown (4001) x1 |
| 16:03 | Nigerian Farmer · wall_segment Unknown (4019) x7 |
| 16:03 | pattomi · wall_segment Unknown (4001) x17 |
| 16:04 | Wololoo · wall_segment Unknown (4001) x1 |
| 16:04 | Wololoo · wall_segment Unknown (4001) x1 |
| 16:05 | Wololoo · wall_segment Unknown (4001) x2 |
| 16:06 | Wololoo · wall_segment Unknown (4001) x1 |
| 16:07 | Nigerian Farmer · wall_segment Unknown (4019) x5 |
| 16:07 | Wololoo · wall_segment Unknown (4001) x2 |
| 16:07 | Wololoo · wall_segment Unknown (4001) x1 |
| 16:08 | Wololoo · wall_segment Unknown (4001) x2 |
| 16:09 | Wololoo · wall_segment Unknown (4001) x1 |
| 16:10 | pattomi · wall_segment Unknown (4001) x2 |
| 16:10 | Wololoo · wall_segment Unknown (4001) x2 |
| 16:11 | Wololoo · wall_segment Unknown (4001) x1 |
| 16:11 | Nigerian Farmer · wall_segment Unknown (4019) x10 |
| 16:12 | Wololoo · wall_segment Unknown (4001) x2 |
| 16:12 | pattomi · wall_segment Unknown (4001) x9 |
| 16:12 | Wololoo · wall_segment Unknown (4001) x1 |
| 16:13 | Nigerian Farmer · wall_segment Unknown (4019) x10 |
| 16:14 | DRAX · wall_segment Unknown (4001) x4 |
| 16:15 | pattomi · wall_segment Unknown (4001) x11 |
| 16:16 | pattomi · wall_segment Unknown (4001) x5 |
| 16:17 | DRAX · wall_segment Unknown (4001) x6 |
| 16:17 | Nigerian Farmer · wall_segment Unknown (4019) x19 |
| 16:17 | Wololoo · wall_segment Unknown (4001) x1 |
| 16:19 | pattomi · wall_segment Unknown (4001) x9 |
| 16:19 | Wololoo · wall_segment Unknown (4001) x2 |
| 16:21 | Wololoo · wall_segment Unknown (4001) x1 |
| 16:22 | Wololoo · wall_segment Unknown (4001) x1 |
| 16:24 | Wololoo · wall_segment Unknown (4001) x2 |
| 16:25 | DRAX · wall_segment Unknown (4001) x1 |
| 16:28 | Wololoo · wall_segment Unknown (4001) x8 |
| 16:32 | pattomi · wall_segment Unknown (4001) x17 |
| 16:33 | DRAX · wall_segment Unknown (4001) x9 |
| 16:36 | pattomi · wall_segment Unknown (4001) x16 |
| 16:37 | Wololoo · wall_segment Unknown (4001) x15 |
| 16:38 | pattomi · wall_segment Unknown (4001) x7 |
| 16:39 | Wololoo · wall_segment Unknown (4001) x3 |
| 16:40 | pattomi · wall_segment Unknown (4001) x5 |
| 16:42 | pattomi · wall_segment Unknown (4001) x12 |
| 16:44 | pattomi · wall_segment Unknown (4001) x7 |
| 16:48 | pattomi · wall_segment Unknown (4001) x4 |
| 16:50 | pattomi · wall_segment Unknown (4001) x16 |
| 16:52 | DRAX · wall_segment Unknown (4001) x13 |
| 16:53 | pattomi · wall_segment Unknown (4001) x15 |
| 17:03 | Nigerian Farmer · wall_segment Unknown (4013) x20 |
| 17:07 | Nigerian Farmer · wall_segment Unknown (4013) x8 |
| 17:09 | Nigerian Farmer · wall_segment Unknown (4013) x8 |
| 17:11 | Nigerian Farmer · wall_segment Unknown (4013) x18 |
| 17:13 | Nigerian Farmer · wall_segment Unknown (4013) x17 |
| 17:14 | DRAX · wall_segment Unknown (4001) x13 |
| 17:14 | Nigerian Farmer · wall_segment Unknown (4013) x7 |
| 17:18 | DRAX · wall_segment Unknown (4001) x2 |
| 17:22 | DRAX · wall_segment Unknown (4001) x5 |
| 17:23 | DRAX · wall_segment Unknown (4001) x3 |
| 17:23 | Nigerian Farmer · wall_segment Unknown (4019) x1 |
| 17:25 | DRAX · wall_segment Unknown (4001) x4 |
| 17:25 | Nigerian Farmer · wall_segment Unknown (4019) x1 |
| 17:26 | DRAX · wall_segment Unknown (4001) x3 |
| 17:26 | Nigerian Farmer · wall_segment Unknown (4019) x1 |
| 17:27 | Nigerian Farmer · wall_segment Unknown (4019) x1 |
| 17:27 | Nigerian Farmer · wall_segment Unknown (4019) x1 |
| 17:28 | DRAX · wall_segment Unknown (4001) x4 |
| 17:28 | Nigerian Farmer · wall_segment Unknown (4019) x1 |
| 17:29 | Nigerian Farmer · wall_segment Unknown (4019) x1 |
| 17:30 | DRAX · wall_segment Unknown (4001) x3 |
| 17:30 | Nigerian Farmer · wall_segment Unknown (4019) x1 |
| 17:30 | Nigerian Farmer · wall_segment Unknown (4019) x1 |
| 17:31 | Nigerian Farmer · wall_segment Unknown (4019) x1 |
| 17:31 | DRAX · wall_segment Unknown (4001) x4 |
| 17:32 | Nigerian Farmer · wall_segment Unknown (4019) x1 |
| 17:32 | DRAX · wall_segment Unknown (4001) x2 |
| 17:32 | Nigerian Farmer · wall_segment Unknown (4019) x1 |
| 17:33 | Nigerian Farmer · wall_segment Unknown (4019) x1 |
| 17:33 | DRAX · wall_segment Unknown (4001) x1 |
| 17:34 | Nigerian Farmer · wall_segment Unknown (4019) x1 |
| 17:34 | Nigerian Farmer · wall_segment Unknown (4019) x1 |
| 17:35 | DRAX · wall_segment Unknown (4001) x4 |
| 17:35 | Nigerian Farmer · wall_segment Unknown (4019) x1 |
| 17:36 | Nigerian Farmer · wall_segment Unknown (4019) x1 |
| 17:36 | Nigerian Farmer · wall_segment Unknown (4019) x1 |
| 17:36 | Wololoo · wall_segment Unknown (4001) x2 |
| 17:37 | DRAX · wall_segment Unknown (4001) x3 |
| 17:37 | Nigerian Farmer · wall_segment Unknown (4019) x1 |
| 17:38 | Nigerian Farmer · wall_segment Unknown (4019) x1 |
| 17:38 | DRAX · wall_segment Unknown (4001) x4 |
| 17:38 | Wololoo · wall_segment Unknown (4001) x10 |
| 17:38 | Nigerian Farmer · wall_segment Unknown (4019) x1 |
| 17:39 | Nigerian Farmer · wall_segment Unknown (4019) x1 |
| 17:39 | Nigerian Farmer · wall_segment Unknown (4019) x1 |
| 17:40 | DRAX · wall_segment Unknown (4001) x3 |
| 17:40 | Nigerian Farmer · wall_segment Unknown (4019) x1 |
| 17:40 | Wololoo · wall_segment Unknown (4001) x11 |
| 17:41 | DRAX · wall_segment Unknown (4001) x4 |
| 17:41 | Nigerian Farmer · wall_segment Unknown (4019) x1 |
| 17:41 | Nigerian Farmer · wall_segment Unknown (4019) x1 |
| 17:42 | Nigerian Farmer · wall_segment Unknown (4019) x1 |
| 17:42 | Nigerian Farmer · wall_segment Unknown (4019) x1 |
| 17:43 | Nigerian Farmer · wall_segment Unknown (4019) x1 |
| 17:43 | Nigerian Farmer · wall_segment Unknown (4019) x1 |
| 17:46 | Wololoo · wall_segment Unknown (4001) x11 |
| 18:05 | sp0ton · wall_segment Unknown (4001) x10 |
| 18:09 | sp0ton · wall_segment Unknown (4001) x42 |
| 18:12 | sp0ton · wall_segment Unknown (4001) x52 |
| 18:16 | sp0ton · wall_segment Unknown (4001) x52 |
| 18:21 | sp0ton · wall_segment Unknown (4001) x52 |
| 18:28 | Wololoo · wall_segment Unknown (4001) x1 |
| 18:29 | Wololoo · wall_segment Unknown (4001) x1 |
| 18:30 | Wololoo · wall_segment Unknown (4001) x1 |
| 18:31 | Wololoo · wall_segment Unknown (4001) x2 |
| 18:32 | Wololoo · wall_segment Unknown (4001) x1 |
| 18:33 | Wololoo · wall_segment Unknown (4001) x2 |
| 18:34 | Wololoo · wall_segment Unknown (4001) x2 |
| 18:35 | Wololoo · wall_segment Unknown (4001) x2 |
| 18:36 | Wololoo · wall_segment Unknown (4001) x1 |
| 18:37 | Wololoo · wall_segment Unknown (4001) x2 |
| 18:38 | Wololoo · wall_segment Unknown (4001) x2 |
| 18:39 | Wololoo · wall_segment Unknown (4001) x1 |
| 18:40 | Wololoo · wall_segment Unknown (4001) x2 |
| 18:41 | Wololoo · wall_segment Unknown (4001) x1 |
| 18:42 | Wololoo · wall_segment Unknown (4001) x7 |
| 18:44 | Wololoo · wall_segment Unknown (4001) x7 |
| 18:45 | Wololoo · wall_segment Unknown (4001) x2 |
| 18:46 | Wololoo · wall_segment Unknown (4001) x9 |
| 18:52 | pattomi · wall_segment Unknown (4001) x15 |
| 18:56 | pattomi · wall_segment Unknown (4001) x15 |
| 19:01 | pattomi · wall_segment Unknown (4001) x8 |
| 19:03 | pattomi · wall_segment Unknown (4001) x4 |
| 19:04 | pattomi · wall_segment Unknown (4001) x1 |
| 19:05 | pattomi · wall_segment Unknown (4001) x1 |
| 19:05 | pattomi · wall_segment Unknown (4001) x1 |
| 19:06 | pattomi · wall_segment Unknown (4001) x1 |
| 19:07 | pattomi · wall_segment Unknown (4001) x1 |
| 19:07 | pattomi · wall_segment Unknown (4001) x1 |
| 19:08 | pattomi · wall_segment Unknown (4001) x1 |
| 19:09 | pattomi · wall_segment Unknown (4001) x1 |
| 19:11 | pattomi · wall_segment Unknown (4001) x1 |
| 19:11 | pattomi · wall_segment Unknown (4001) x1 |
| 19:12 | pattomi · wall_segment Unknown (4001) x1 |
| 19:12 | pattomi · wall_segment Unknown (4001) x1 |
| 19:14 | pattomi · wall_segment Unknown (4001) x1 |
| 19:14 | pattomi · wall_segment Unknown (4001) x1 |
| 19:15 | pattomi · wall_segment Unknown (4001) x1 |
| 19:16 | pattomi · wall_segment Unknown (4001) x1 |
| 19:16 | pattomi · wall_segment Unknown (4001) x1 |
| 19:17 | pattomi · wall_segment Unknown (4001) x1 |
| 19:18 | pattomi · wall_segment Unknown (4001) x1 |
| 19:18 | pattomi · wall_segment Unknown (4001) x1 |
| 19:19 | pattomi · wall_segment Unknown (4001) x1 |
| 19:20 | pattomi · wall_segment Unknown (4001) x4 |
| 19:23 | pattomi · wall_segment Unknown (4001) x14 |
| 19:24 | pattomi · wall_segment Unknown (4001) x1 |
| 19:24 | pattomi · wall_segment Unknown (4001) x1 |
| 19:27 | pattomi · wall_segment Unknown (4001) x14 |
| 19:28 | Nigerian Farmer · wall_segment Unknown (4019) x6 |
| 19:29 | pattomi · wall_segment Unknown (4001) x3 |
| 19:30 | pattomi · wall_segment Unknown (4001) x1 |
| 19:31 | pattomi · wall_segment Unknown (4001) x1 |
| 19:31 | Nigerian Farmer · wall_segment Unknown (4019) x17 |
| 19:32 | pattomi · wall_segment Unknown (4001) x1 |
| 19:32 | pattomi · wall_segment Unknown (4001) x1 |
| 19:33 | pattomi · wall_segment Unknown (4001) x1 |
| 19:34 | pattomi · wall_segment Unknown (4001) x1 |
| 19:35 | pattomi · wall_segment Unknown (4001) x1 |
| 19:36 | pattomi · wall_segment Unknown (4001) x1 |
| 19:36 | pattomi · wall_segment Unknown (4001) x1 |
| 19:37 | pattomi · wall_segment Unknown (4001) x1 |
| 19:38 | pattomi · wall_segment Unknown (4001) x1 |
| 19:38 | pattomi · wall_segment Unknown (4001) x1 |
| 19:39 | pattomi · wall_segment Unknown (4001) x1 |
| 19:40 | pattomi · wall_segment Unknown (4001) x1 |
| 19:40 | pattomi · wall_segment Unknown (4001) x1 |
| 19:41 | pattomi · wall_segment Unknown (4001) x1 |
| 19:42 | pattomi · wall_segment Unknown (4001) x1 |
| 19:42 | pattomi · wall_segment Unknown (4001) x1 |
| 19:43 | pattomi · wall_segment Unknown (4001) x1 |
| 19:44 | pattomi · wall_segment Unknown (4001) x1 |
| 19:44 | pattomi · wall_segment Unknown (4001) x1 |
| 19:45 | pattomi · wall_segment Unknown (4001) x1 |
| 19:46 | pattomi · wall_segment Unknown (4001) x1 |
| 19:46 | Wololoo · wall_segment Unknown (4001) x1 |
| 19:46 | pattomi · wall_segment Unknown (4001) x1 |
| 19:48 | Wololoo · wall_segment Unknown (4001) x8 |
| 19:48 | pattomi · wall_segment Unknown (4001) x4 |
| 19:50 | pattomi · wall_segment Unknown (4001) x5 |
| 19:52 | Nigerian Farmer · wall_segment Unknown (4019) x3 |
| 19:53 | pattomi · wall_segment Unknown (4001) x4 |
| 19:55 | pattomi · wall_segment Unknown (4001) x13 |
| 19:57 | pattomi · wall_segment Unknown (4001) x2 |
| 19:59 | pattomi · wall_segment Unknown (4001) x9 |
| 20:02 | Nigerian Farmer · wall_segment Unknown (4019) x11 |
| 20:02 | pattomi · wall_segment Unknown (4001) x8 |
| 20:08 | Wololoo · wall_segment Unknown (4001) x4 |
| 20:11 | Nigerian Farmer · wall_segment Unknown (4019) x10 |
| 20:14 | Wololoo · wall_segment Unknown (4001) x2 |
| 20:17 | Wololoo · wall_segment Unknown (4001) x5 |
| 20:20 | Nigerian Farmer · wall_segment Unknown (4019) x7 |
| 20:22 | Nigerian Farmer · wall_segment Unknown (4019) x3 |
| 20:22 | Wololoo · wall_segment Unknown (4001) x5 |
| 20:28 | Wololoo · wall_segment Unknown (4001) x6 |
| 20:32 | Wololoo · wall_segment Unknown (4001) x7 |
| 20:42 | Wololoo · wall_segment Unknown (4001) x12 |
| 20:45 | Nigerian Farmer · wall_segment Unknown (4001) x4 |
| 20:50 | Nigerian Farmer · wall_segment Unknown (4001) x13 |
| 20:53 | Wololoo · wall_segment Unknown (4001) x6 |
| 20:57 | Nigerian Farmer · wall_segment Unknown (4001) x23 |
| 21:02 | Wololoo · wall_segment Unknown (4001) x7 |
| 21:30 | Nigerian Farmer · wall_segment Unknown (4013) x22 |
| 21:52 | pattomi · wall_segment Unknown (4001) x6 |
| 21:54 | pattomi · wall_segment Unknown (4001) x5 |
| 21:57 | pattomi · wall_segment Unknown (4001) x5 |
| 21:59 | pattomi · wall_segment Unknown (4001) x5 |
| 22:01 | pattomi · wall_segment Unknown (4001) x4 |
| 22:03 | pattomi · wall_segment Unknown (4001) x4 |
| 22:05 | pattomi · wall_segment Unknown (4001) x4 |
| 22:07 | pattomi · wall_segment Unknown (4001) x4 |
| 22:10 | pattomi · wall_segment Unknown (4001) x9 |
| 22:12 | pattomi · wall_segment Unknown (4001) x5 |
| 22:15 | pattomi · wall_segment Unknown (4001) x16 |
| 22:16 | pattomi · wall_segment Unknown (4001) x1 |
| 22:17 | pattomi · wall_segment Unknown (4001) x1 |
| 22:21 | pattomi · wall_segment Unknown (4001) x17 |
| 22:40 | Nigerian Farmer · wall_segment Unknown (4019) x12 |
| 22:41 | Nigerian Farmer · wall_segment Unknown (4019) x3 |
| 22:44 | Nigerian Farmer · wall_segment Unknown (4019) x14 |
| 22:47 | Nigerian Farmer · wall_segment Unknown (4019) x14 |
| 22:47 | Wololoo · wall_segment Unknown (4001) x1 |
| 22:49 | Wololoo · wall_segment Unknown (4001) x6 |
| 22:50 | Nigerian Farmer · wall_segment Unknown (4019) x14 |
| 22:52 | Nigerian Farmer · wall_segment Unknown (4019) x14 |
| 22:59 | Wololoo · wall_segment Unknown (4001) x29 |
| 23:02 | Wololoo · wall_segment Unknown (4001) x3 |
| 23:03 | Wololoo · wall_segment Unknown (4001) x2 |
| 23:05 | Wololoo · wall_segment Unknown (4001) x1 |
| 23:06 | Wololoo · wall_segment Unknown (4001) x1 |
| 23:07 | Wololoo · wall_segment Unknown (4001) x2 |
| 23:08 | pattomi · wall_segment Unknown (4001) x4 |
| 23:08 | Wololoo · wall_segment Unknown (4001) x1 |
| 23:09 | Wololoo · wall_segment Unknown (4001) x2 |
| 23:10 | Wololoo · wall_segment Unknown (4001) x1 |
| 23:11 | Wololoo · wall_segment Unknown (4001) x2 |
| 23:12 | pattomi · wall_segment Unknown (4001) x8 |
| 23:12 | Wololoo · wall_segment Unknown (4001) x1 |
| 23:13 | pattomi · wall_segment Unknown (4001) x1 |
| 23:13 | Wololoo · wall_segment Unknown (4001) x2 |
| 23:14 | Wololoo · wall_segment Unknown (4001) x1 |
| 23:15 | Wololoo · wall_segment Unknown (4001) x2 |
| 23:15 | pattomi · wall_segment Unknown (4001) x7 |
| 23:16 | Wololoo · wall_segment Unknown (4001) x1 |
| 23:16 | Wololoo · wall_segment Unknown (4001) x2 |
| 23:17 | Wololoo · wall_segment Unknown (4001) x1 |
| 23:18 | pattomi · wall_segment Unknown (4001) x7 |
| 23:18 | Wololoo · wall_segment Unknown (4001) x2 |
| 23:20 | pattomi · wall_segment Unknown (4001) x8 |
| 23:20 | Wololoo · wall_segment Unknown (4001) x1 |
| 23:20 | sp0ton · wall_segment Unknown (4001) x24 |
| 23:22 | Wololoo · wall_segment Unknown (4001) x2 |
| 23:23 | pattomi · wall_segment Unknown (4001) x8 |
| 23:23 | Wololoo · wall_segment Unknown (4001) x1 |
| 23:23 | sp0ton · wall_segment Unknown (4001) x1 |
| 23:24 | Wololoo · wall_segment Unknown (4001) x2 |
| 23:24 | sp0ton · wall_segment Unknown (4001) x1 |
| 23:24 | Wololoo · wall_segment Unknown (4001) x1 |
| 23:25 | pattomi · wall_segment Unknown (4001) x8 |
| 23:25 | Wololoo · wall_segment Unknown (4001) x2 |
| 23:26 | Wololoo · wall_segment Unknown (4001) x1 |
| 23:27 | sp0ton · wall_segment Unknown (4001) x22 |
| 23:27 | Wololoo · wall_segment Unknown (4001) x2 |
| 23:27 | pattomi · wall_segment Unknown (4001) x15 |
| 23:28 | Wololoo · wall_segment Unknown (4001) x1 |
| 23:28 | Wololoo · wall_segment Unknown (4001) x2 |
| 23:29 | sp0ton · wall_segment Unknown (4001) x24 |
| 23:29 | Wololoo · wall_segment Unknown (4001) x1 |
| 23:30 | Wololoo · wall_segment Unknown (4001) x2 |
| 23:31 | Wololoo · wall_segment Unknown (4001) x1 |
| 23:31 | pattomi · wall_segment Unknown (4001) x11 |
| 23:32 | Wololoo · wall_segment Unknown (4001) x2 |
| 23:32 | sp0ton · wall_segment Unknown (4001) x24 |
| 23:32 | Wololoo · wall_segment Unknown (4001) x1 |
| 23:33 | Wololoo · wall_segment Unknown (4001) x2 |
| 23:34 | Wololoo · wall_segment Unknown (4001) x1 |
| 23:34 | pattomi · wall_segment Unknown (4001) x10 |
| 23:35 | Wololoo · wall_segment Unknown (4001) x2 |
| 23:35 | sp0ton · wall_segment Unknown (4001) x24 |
| 23:37 | pattomi · wall_segment Unknown (4001) x10 |
| 23:38 | sp0ton · wall_segment Unknown (4001) x24 |
| 23:38 | Wololoo · wall_segment Unknown (4001) x1 |
| 23:39 | Wololoo · wall_segment Unknown (4001) x2 |
| 23:39 | pattomi · wall_segment Unknown (4001) x10 |
| 23:40 | sp0ton · wall_segment Unknown (4001) x24 |
| 23:41 | Wololoo · wall_segment Unknown (4001) x1 |
| 23:42 | Wololoo · wall_segment Unknown (4001) x2 |
| 23:42 | pattomi · wall_segment Unknown (4001) x10 |
| 23:42 | Wololoo · wall_segment Unknown (4001) x1 |
| 23:43 | sp0ton · wall_segment Unknown (4001) x24 |
| 23:43 | Wololoo · wall_segment Unknown (4001) x3 |
| 23:44 | pattomi · wall_segment Unknown (4001) x10 |
| 23:45 | Wololoo · wall_segment Unknown (4001) x1 |
| 23:46 | Wololoo · wall_segment Unknown (4001) x1 |
| 23:46 | pattomi · wall_segment Unknown (4001) x10 |
| 23:47 | Wololoo · wall_segment Unknown (4001) x2 |
| 23:47 | Wololoo · wall_segment Unknown (4001) x1 |
| 23:48 | Wololoo · wall_segment Unknown (4001) x1 |
| 23:49 | pattomi · wall_segment Unknown (4001) x10 |
| 23:51 | pattomi · wall_segment Unknown (4001) x10 |
| 23:53 | Wololoo · wall_segment Unknown (4001) x15 |
| 23:54 | pattomi · wall_segment Unknown (4001) x10 |
| 23:55 | Wololoo · wall_segment Unknown (4001) x15 |
| 23:56 | pattomi · wall_segment Unknown (4001) x5 |
| 23:57 | Wololoo · wall_segment Unknown (4001) x15 |
| 23:57 | pattomi · wall_segment Unknown (4001) x4 |
| 23:59 | pattomi · wall_segment Unknown (4001) x4 |
| 24:00 | pattomi · wall_segment Unknown (4001) x4 |
| 24:03 | pattomi · wall_segment Unknown (4001) x4 |
| 24:05 | pattomi · wall_segment Unknown (4001) x4 |
| 24:08 | pattomi · wall_segment Unknown (4001) x4 |
| 24:10 | pattomi · wall_segment Unknown (4001) x4 |
| 24:18 | pattomi · wall_segment Unknown (4001) x16 |
| 24:40 | Nigerian Farmer · wall_segment Unknown (4013) x7 |
| 24:42 | Nigerian Farmer · wall_segment Unknown (4013) x7 |
| 24:45 | Nigerian Farmer · wall_segment Unknown (4013) x13 |
| 25:17 | Nigerian Farmer · wall_segment Unknown (4013) x12 |
| 25:58 | sp0ton · wall_segment Unknown (4001) x4 |
| 26:19 | Nigerian Farmer · wall_segment Unknown (4013) x10 |
| 26:23 | Nigerian Farmer · wall_segment Unknown (4013) x19 |
| 26:24 | sp0ton · wall_segment Unknown (4001) x21 |
| 26:28 | Nigerian Farmer · wall_segment Unknown (4013) x6 |
| 26:43 | sp0ton · wall_segment Unknown (4001) x24 |
| 26:55 | Nigerian Farmer · wall_segment Unknown (4019) x6 |
| 26:55 | sp0ton · wall_segment Unknown (4001) x6 |
| 26:57 | Nigerian Farmer · wall_segment Unknown (4019) x5 |
| 26:58 | sp0ton · wall_segment Unknown (4001) x24 |
| 27:00 | sp0ton · wall_segment Unknown (4001) x25 |
| 27:02 | sp0ton · wall_segment Unknown (4001) x25 |
| 27:09 | sp0ton · wall_segment Unknown (4001) x43 |
| 27:12 | sp0ton · wall_segment Unknown (4001) x42 |
| 27:12 | Nigerian Farmer · wall_segment Unknown (4019) x4 |
| 27:14 | sp0ton · wall_segment Unknown (4001) x41 |
| 27:15 | sp0ton · wall_segment Unknown (4001) x1 |
| 27:18 | sp0ton · wall_segment Unknown (4001) x42 |
| 27:19 | Nigerian Farmer · wall_segment Unknown (4019) x10 |
| 27:37 | Nigerian Farmer · wall_segment Unknown (4019) x4 |
| 27:44 | Nigerian Farmer · wall_segment Unknown (4019) x10 |
| 27:56 | Nigerian Farmer · wall_segment Unknown (4019) x5 |
| 28:12 | Nigerian Farmer · wall_segment Unknown (4019) x13 |
| 28:44 | Nigerian Farmer · wall_segment Unknown (4013) x8 |
| 28:47 | Nigerian Farmer · wall_segment Unknown (4013) x11 |
| 28:57 | Nigerian Farmer · wall_segment Unknown (4013) x11 |
| 29:21 | Nigerian Farmer · wall_segment Unknown (4019) x4 |
| 29:27 | Nigerian Farmer · wall_segment Unknown (4019) x3 |
| 29:28 | Nigerian Farmer · wall_segment Unknown (4019) x5 |
| 29:30 | Nigerian Farmer · wall_segment Unknown (4019) x4 |
| 29:33 | Nigerian Farmer · wall_segment Unknown (4019) x7 |
| 29:37 | Nigerian Farmer · wall_segment Unknown (4019) x7 |
| 29:54 | Nigerian Farmer · wall_segment Unknown (4019) x6 |
| 29:57 | Nigerian Farmer · wall_segment Unknown (4019) x2 |
| 30:02 | Nigerian Farmer · wall_segment Unknown (4013) x6 |
| 30:05 | Nigerian Farmer · wall_segment Unknown (4013) x3 |
| 30:07 | Nigerian Farmer · wall_segment Unknown (4013) x8 |
| 31:27 | sp0ton · wall_segment Unknown (4001) x7 |
| 31:29 | sp0ton · wall_segment Unknown (4001) x7 |
| 31:31 | sp0ton · wall_segment Unknown (4001) x7 |
| 31:33 | sp0ton · wall_segment Unknown (4001) x7 |
| 32:00 | sp0ton · wall_segment Unknown (4001) x7 |
| 32:05 | sp0ton · wall_segment Unknown (4001) x7 |
| 32:12 | sp0ton · wall_segment Unknown (4001) x7 |
| 32:15 | sp0ton · wall_segment Unknown (4001) x7 |
| 32:22 | sp0ton · wall_segment Unknown (4001) x12 |
| 32:24 | sp0ton · wall_segment Unknown (4001) x12 |
| 32:27 | sp0ton · wall_segment Unknown (4001) x6 |
| 32:29 | sp0ton · wall_segment Unknown (4001) x8 |
| 32:56 | sp0ton · wall_segment Unknown (4001) x6 |
| 33:00 | sp0ton · wall_segment Unknown (4001) x6 |
| 33:04 | sp0ton · wall_segment Unknown (4001) x6 |
| 33:15 | sp0ton · wall_segment Unknown (4001) x6 |
| 33:18 | sp0ton · wall_segment Unknown (4001) x6 |
| 33:21 | sp0ton · wall_segment Unknown (4001) x4 |
| 33:23 | sp0ton · wall_segment Unknown (4001) x7 |
| 33:34 | sp0ton · wall_segment Unknown (4001) x20 |
| 33:50 | sp0ton · wall_segment Unknown (4001) x26 |
| 34:02 | sdk · resign |
[ ANÁLISIS IA · 1 CRÉDITO ]
¿Qué pasó realmente en esta partida?
Wolo.gg analiza cada decisión: build order, eco, micro, errores típicos por bracket. Análisis personalizado por WhatsApp o Discord en 30 segundos.
Guía civ
Etíopes
Perfil
Jugador #221695